[ AOE2 MATCH · #494180895 ]
UnrankedBurgundians vs None
Player's team · LOSS
Rival team · WIN
[ REPLAY ANALYSIS · EXTRACTED FROM THE RECORDED GAME ]
Feudal
—
Castle
—
Imperial
—
| APM avg | 14.6 |
| APM peak | 60 |
| eAPM avg | 5.2 |
| Villagers / military | 0 / 0 |
Focus
⚔️ 97.6% · 🌾 2.4%
Unknown (4100) ×2
Feudal
—
Castle
—
Imperial
—
| APM avg | 28.9 |
| APM peak | 44 |
| eAPM avg | 14.8 |
| Villagers / military | 0 / 0 |
Focus
⚔️ 84.6% · 🌾 15.4%
Feudal
—
Castle
—
Imperial
—
| APM avg | 11.3 |
| APM peak | 49 |
| eAPM avg | 10.1 |
| Villagers / military | 0 / 0 |
Focus
⚔️ 94.9% · 🌾 5.1%
Unknown (4100) ×2
Feudal
—
Castle
—
Imperial
—
| APM avg | 3.2 |
| APM peak | 46 |
| eAPM avg | 3.0 |
| Villagers / military | 0 / 115 |
Focus
⚔️ 98.0% · 🌾 2.0%
Leitis ×115
Feudal
—
Castle
—
Imperial
—
| APM avg | 30.3 |
| APM peak | 105 |
| eAPM avg | 18.4 |
| Villagers / military | 0 / 0 |
Focus
⚔️ 10.7% · 🌾 89.3%
Feudal
—
Castle
—
Imperial
—
| APM avg | 2.9 |
| APM peak | 11 |
| eAPM avg | 2.4 |
| Villagers / military | 0 / 0 |
Focus
⚔️ 99.0% · 🌾 1.0%
Feudal
—
Castle
—
Imperial
—
| APM avg | 19.0 |
| APM peak | 67 |
| eAPM avg | 16.4 |
| Villagers / military | 0 / 120 |
Focus
⚔️ 84.8% · 🌾 15.2%
Scout Cavalry ×66 · Camel Scout ×50 · Unknown (4100) ×10 · Militia ×4
Feudal
—
Castle
—
Imperial
—
| APM avg | 0.6 |
| APM peak | 12 |
| eAPM avg | 0.4 |
| Villagers / military | 0 / 0 |
Focus
⚔️ 100.0% · 🌾 0.0%
Match map
Initial resources + every placement click. Lines = walls · curves = elevation contours. ◆ gold · ⬟ stone · ● berries · ✦ relic · ◌ wall gap
Your base· Open — 13t gap
Halid_Bin_Velid's base· Open — 13t gap
Gloin's base· Open — 13t gap
Mr.Kaiu's base· Open — 13t gap
bloodoftears's base· Open — 13t gap
Macmob1903's base· Open — 13t gap
Tortrix's base· Open — 13t gap
ibrahimerkan202's base· Open — 13t gap
Smoothed initial terrain · ◌ = detected wall gap · hover for details
Inputs per minute
— Chlupinek - - Halid_Bin_Velid
Build order — Chlupinek
149 actions detected in the replay
| 0:35 | Build | Building 4001 |
| 0:37 | Build | Building 4001 |
| 0:41 | Build | Building 4001 |
| 0:43 | Build | Building 4001 |
| 0:46 | Build | Building 4001 |
| 0:53 | Build | Building 4001 |
| 0:56 | Build | Building 4001 |
| 1:10 | Build | Building 4001 |
| 1:11 | Build | Building 4001 |
| 1:14 | Build | Building 4001 |
| 1:16 | Build | Building 4001 |
| 1:25 | Build | Building 4001 |
| 1:29 | Build | Building 4001 |
| 1:49 | Build | Building 4001 |
| 1:54 | Build | Building 4001 |
| 1:56 | Build | Building 4001 |
| 1:57 | Build | Building 4001 |
| 2:03 | Build | Building 4001 |
| 2:41 | Build | Stable |
| 2:44 | Build | Building 4001 |
| 2:55 | Queue | Unit 4100 |
| 3:03 | Build | Building 4001 |
| 3:23 | Build | Building 4001 |
| 3:33 | Build | Building 4001 |
| 3:34 | Build | Building 4001 |
| 3:35 | Build | Building 4001 |
| 3:43 | Build | Building 4001 |
| 3:46 | Build | Building 4001 |
| 3:48 | Build | Building 4001 |
| 4:54 | Build | Building 4001 |
| 5:02 | Build | Building 4001 |
| 6:14 | Build | Building 4001 |
| 6:18 | Build | Building 4001 |
| 7:40 | Build | Building 4001 |
| 7:45 | Build | Building 4001 |
| 7:50 | Build | Building 4001 |
| 11:45 | Build | Building 4001 |
| 11:46 | Build | Building 4001 |
| 11:59 | Build | Building 4001 |
| 12:02 | Build | Building 4001 |
| 12:41 | Build | Building 4001 |
| 12:45 | Build | Building 4001 |
| 13:18 | Build | Building 4001 |
| 13:20 | Build | Building 4001 |
| 13:21 | Build | Building 4001 |
| 15:02 | Build | Stable |
| 15:12 | Queue | Unit 4100 |
| 15:14 | Build | Building 4001 |
| 15:15 | Build | Building 4001 |
| 15:17 | Build | Building 4001 |
| 15:27 | Build | Building 4001 |
| 16:04 | Build | Building 4001 |
| 16:06 | Build | Building 4001 |
| 16:10 | Build | Building 4001 |
| 16:43 | Build | Building 4001 |
| 16:48 | Build | Building 4001 |
| 16:56 | Build | Building 4001 |
| 17:00 | Build | Building 4001 |
| 17:12 | Build | Building 4001 |
| 17:17 | Build | Building 4001 |
| 18:44 | Build | Building 4001 |
| 19:27 | Build | Building 4001 |
| 19:30 | Build | Building 4001 |
| 21:09 | Build | Building 4001 |
| 21:17 | Build | Building 4001 |
| 21:24 | Build | Building 4001 |
| 21:29 | Build | Building 4001 |
| 21:32 | Build | Building 4001 |
| 21:36 | Build | Building 4001 |
| 21:40 | Build | Building 4001 |
| 22:47 | Build | Building 4001 |
| 22:51 | Build | Building 4001 |
| 22:53 | Build | Building 4001 |
| 22:55 | Build | Building 4001 |
| 22:58 | Build | Building 4001 |
| 23:03 | Build | Building 4001 |
| 23:05 | Build | Building 4001 |
| 23:07 | Build | Building 4001 |
| 23:09 | Build | Building 4001 |
| 23:10 | Build | Building 4001 |
| 23:12 | Build | Building 4001 |
| 23:14 | Build | Building 4001 |
| 25:34 | Build | Building 4001 |
| 25:36 | Build | Building 4001 |
| 25:37 | Build | Building 4001 |
| 25:39 | Build | Building 4001 |
| 25:41 | Build | Building 4001 |
| 25:48 | Build | Building 4001 |
| 25:51 | Build | Building 4001 |
| 27:10 | Build | Building 4001 |
| 27:13 | Build | Building 4001 |
| 27:19 | Build | Building 4001 |
| 27:22 | Build | Building 4001 |
| 28:14 | Build | Building 4001 |
| 28:17 | Build | Building 4001 |
| 28:20 | Build | Building 4001 |
| 29:06 | Build | Building 4001 |
| 29:08 | Build | Building 4001 |
| 29:11 | Build | Building 4001 |
| 29:13 | Build | Building 4001 |
| 30:40 | Build | Building 4001 |
| 30:43 | Build | Building 4001 |
| 32:17 | Build | Building 4001 |
| 32:19 | Build | Building 4001 |
| 32:59 | Build | Building 4001 |
| 33:03 | Build | Building 4001 |
| 33:05 | Build | Building 4001 |
| 33:08 | Build | Building 4001 |
| 33:11 | Build | Building 4001 |
| 33:55 | Build | Building 4001 |
| 35:54 | Build | Building 4001 |
| 35:56 | Build | Building 4001 |
| 36:15 | Build | Building 4001 |
| 36:17 | Build | Building 4001 |
| 36:48 | Build | Building 4001 |
| 36:49 | Build | Building 4001 |
| 36:53 | Build | Building 4001 |
| 37:53 | Build | Building 4001 |
| 37:57 | Build | Building 4001 |
| 37:58 | Build | Building 4001 |
| 39:38 | Build | Building 4001 |
| 39:40 | Build | Building 4001 |
| 39:44 | Build | Building 4001 |
| 41:47 | Build | Building 4001 |
| 41:48 | Build | Building 4001 |
| 41:52 | Build | Building 4001 |
| 41:54 | Build | Building 4001 |
| 42:38 | Build | Building 4001 |
| 42:39 | Build | Building 4001 |
| 42:42 | Build | Building 4001 |
| 42:44 | Build | Building 4001 |
| 42:46 | Build | Building 4001 |
| 43:42 | Build | Building 4001 |
| 43:55 | Build | Building 4001 |
| 43:57 | Build | Building 4001 |
| 44:03 | Build | Building 4001 |
| 44:05 | Build | Building 4001 |
| 44:22 | Build | Building 4001 |
| 44:23 | Build | Building 4001 |
| 44:29 | Build | Building 4001 |
| 44:31 | Build | Building 4001 |
| 44:33 | Build | Building 4001 |
| 45:09 | Build | Building 4001 |
| 45:12 | Build | Building 4001 |
| 45:14 | Build | Building 4001 |
| 45:16 | Build | Building 4001 |
| 46:03 | Build | Building 4001 |
| 46:19 | Build | Building 4001 |
| 46:31 | Build | Building 4001 |
Build order — Halid_Bin_Velid
0 actions detected in the replay
Build order — Gloin
First 150 of 418 actions detected
| 0:37 | Build | Building 4001 |
| 0:45 | Build | Building 4001 |
| 1:05 | Build | Building 4001 |
| 1:09 | Build | Building 4001 |
| 1:31 | Build | Building 4001 |
| 1:33 | Build | Building 4001 |
| 1:45 | Build | Building 4001 |
| 1:56 | Build | Building 4001 |
| 2:04 | Build | Building 4001 |
| 2:17 | Build | Building 4001 |
| 2:18 | Build | Building 4001 |
| 2:23 | Build | Stable |
| 2:28 | Build | Building 4001 |
| 2:36 | Build | Building 4001 |
| 2:43 | Build | Building 4001 |
| 2:44 | Build | Building 4001 |
| 2:46 | Build | Building 4001 |
| 2:47 | Build | Building 4001 |
| 2:49 | Build | Building 4001 |
| 2:50 | Build | Building 4001 |
| 2:51 | Build | Building 4001 |
| 2:53 | Build | Building 4001 |
| 2:56 | Build | Building 4001 |
| 3:00 | Queue | Unit 4100 |
| 3:01 | Queue | Unit 4100 |
| 3:15 | Build | Building 4001 |
| 3:17 | Build | Building 4001 |
| 3:20 | Build | Building 4001 |
| 3:27 | Build | Building 4001 |
| 3:52 | Build | Building 4001 |
| 4:00 | Build | Building 4001 |
| 4:04 | Build | Building 4001 |
| 4:12 | Build | Building 4001 |
| 4:35 | Build | Building 4001 |
| 4:46 | Build | Building 4001 |
| 4:49 | Build | Building 4001 |
| 5:13 | Build | Building 4001 |
| 5:15 | Build | Building 4001 |
| 5:28 | Build | Building 4001 |
| 5:31 | Build | Building 4001 |
| 5:52 | Build | Building 4001 |
| 5:54 | Build | Building 4001 |
| 6:02 | Build | Building 4001 |
| 6:04 | Build | Building 4001 |
| 6:09 | Build | Building 4001 |
| 6:14 | Build | Building 4001 |
| 6:17 | Build | Building 4001 |
| 6:29 | Build | Building 4001 |
| 6:34 | Build | Building 4001 |
| 6:36 | Build | Building 4001 |
| 6:40 | Build | Building 4001 |
| 6:54 | Build | Building 4001 |
| 7:00 | Build | Building 4001 |
| 7:02 | Build | Building 4001 |
| 7:03 | Build | Building 4001 |
| 7:04 | Build | Building 4001 |
| 7:05 | Build | Building 4001 |
| 7:06 | Build | Building 4001 |
| 7:07 | Build | Building 4001 |
| 7:07 | Build | Building 4001 |
| 7:08 | Build | Building 4001 |
| 7:09 | Build | Building 4001 |
| 7:10 | Build | Building 4001 |
| 7:10 | Build | Building 4001 |
| 7:11 | Build | Building 4001 |
| 7:11 | Build | Building 4001 |
| 7:12 | Build | Building 4001 |
| 7:20 | Build | Building 4001 |
| 7:22 | Build | Building 4001 |
| 7:23 | Build | Building 4001 |
| 7:24 | Build | Building 4001 |
| 7:25 | Build | Building 4001 |
| 7:25 | Build | Building 4001 |
| 7:27 | Build | Building 4001 |
| 7:28 | Build | Building 4001 |
| 7:29 | Build | Building 4001 |
| 7:30 | Build | Building 4001 |
| 7:31 | Build | Building 4001 |
| 7:31 | Build | Building 4001 |
| 7:32 | Build | Building 4001 |
| 7:33 | Build | Building 4001 |
| 7:35 | Build | Building 4001 |
| 7:36 | Build | Building 4001 |
| 7:37 | Build | Building 4001 |
| 7:38 | Build | Building 4001 |
| 7:39 | Build | Building 4001 |
| 7:40 | Build | Building 4001 |
| 7:41 | Build | Building 4001 |
| 7:42 | Build | Building 4001 |
| 7:43 | Build | Building 4001 |
| 7:44 | Build | Building 4001 |
| 7:45 | Build | Building 4001 |
| 7:46 | Build | Building 4001 |
| 7:47 | Build | Building 4001 |
| 7:49 | Build | Building 4001 |
| 7:50 | Build | Building 4001 |
| 7:51 | Build | Building 4001 |
| 7:53 | Build | Building 4001 |
| 7:53 | Build | Building 4001 |
| 8:02 | Build | Building 4001 |
| 8:03 | Build | Building 4001 |
| 8:04 | Build | Building 4001 |
| 8:09 | Build | Building 4001 |
| 8:11 | Build | Building 4001 |
| 8:12 | Build | Building 4001 |
| 8:13 | Build | Building 4001 |
| 8:13 | Build | Building 4001 |
| 8:14 | Build | Building 4001 |
| 8:15 | Build | Building 4001 |
| 8:16 | Build | Building 4001 |
| 8:17 | Build | Building 4001 |
| 8:19 | Build | Building 4001 |
| 8:20 | Build | Building 4001 |
| 8:21 | Build | Building 4001 |
| 8:22 | Build | Building 4001 |
| 8:23 | Build | Building 4001 |
| 8:24 | Build | Building 4001 |
| 8:25 | Build | Building 4001 |
| 8:26 | Build | Building 4001 |
| 8:27 | Build | Building 4001 |
| 8:28 | Build | Building 4001 |
| 8:30 | Build | Building 4001 |
| 8:30 | Build | Building 4001 |
| 8:32 | Build | Building 4001 |
| 8:33 | Build | Building 4001 |
| 8:36 | Build | Building 4001 |
| 8:49 | Build | Building 4001 |
| 8:50 | Build | Building 4001 |
| 8:51 | Build | Building 4001 |
| 8:52 | Build | Building 4001 |
| 8:52 | Build | Building 4001 |
| 8:54 | Build | Building 4001 |
| 9:00 | Build | Building 4001 |
| 9:01 | Build | Building 4001 |
| 9:02 | Build | Building 4001 |
| 9:03 | Build | Building 4001 |
| 9:04 | Build | Building 4001 |
| 9:05 | Build | Building 4001 |
| 9:06 | Build | Building 4001 |
| 9:07 | Build | Building 4001 |
| 9:07 | Build | Building 4001 |
| 9:09 | Build | Building 4001 |
| 9:09 | Build | Building 4001 |
| 9:10 | Build | Building 4001 |
| 9:11 | Build | Building 4001 |
| 9:12 | Build | Building 4001 |
| 9:13 | Build | Building 4001 |
| 9:14 | Build | Building 4001 |
| 9:15 | Build | Building 4001 |
| 9:15 | Build | Building 4001 |
Build order — Mr.Kaiu
38 actions detected in the replay
| 0:49 | Build | Building 4001 |
| 0:54 | Build | Building 4001 |
| 1:12 | Build | Building 4001 |
| 1:12 | Build | Building 4001 |
| 1:18 | Build | Building 4001 |
| 1:21 | Build | Building 4001 |
| 1:39 | Build | Stable |
| 1:41 | Build | Stable |
| 1:42 | Build | Stable |
| 1:45 | Build | Stable |
| 1:47 | Build | Stable |
| 1:51 | Build | Stable |
| 1:54 | Build | Stable |
| 1:58 | Build | Stable |
| 2:24 | Queue | Leitis ×5 |
| 2:25 | Queue | Leitis ×5 |
| 2:25 | Queue | Leitis ×5 |
| 2:26 | Queue | Leitis ×5 |
| 2:27 | Queue | Leitis ×5 |
| 2:27 | Queue | Leitis ×5 |
| 2:28 | Queue | Leitis ×5 |
| 2:28 | Queue | Leitis ×5 |
| 2:31 | Queue | Leitis ×5 |
| 2:31 | Queue | Leitis ×5 |
| 2:32 | Queue | Leitis ×5 |
| 2:32 | Queue | Leitis ×5 |
| 2:32 | Queue | Leitis ×5 |
| 2:33 | Queue | Leitis ×5 |
| 2:33 | Queue | Leitis ×5 |
| 2:39 | Queue | Leitis ×5 |
| 2:39 | Queue | Leitis ×5 |
| 2:39 | Queue | Leitis ×5 |
| 2:40 | Queue | Leitis ×5 |
| 2:40 | Queue | Leitis ×5 |
| 2:40 | Queue | Leitis ×5 |
| 2:41 | Queue | Leitis ×5 |
| 2:41 | Queue | Leitis ×5 |
| 2:49 | Build | Building 4001 |
Build order — bloodoftears
First 150 of 867 actions detected
| 0:44 | Build | Building 4001 |
| 0:59 | Build | Building 4001 |
| 1:03 | Build | Building 4001 |
| 1:23 | Build | Building 4001 |
| 1:43 | Build | Building 4001 |
| 1:57 | Build | Building 4001 |
| 2:11 | Build | Building 4001 |
| 2:18 | Build | Building 4001 |
| 2:23 | Build | Building 4001 |
| 2:47 | Build | Building 4001 |
| 3:02 | Build | Building 4001 |
| 3:31 | Build | Building 4001 |
| 3:56 | Build | Building 4001 |
| 4:13 | Build | Building 4001 |
| 4:37 | Build | Building 4001 |
| 4:54 | Build | Building 4001 |
| 5:09 | Build | Building 4001 |
| 5:23 | Build | Building 4001 |
| 5:40 | Build | Building 4001 |
| 5:53 | Build | Building 4001 |
| 6:03 | Build | Building 4001 |
| 6:10 | Build | Building 4001 |
| 6:32 | Build | Building 4001 |
| 6:36 | Build | Building 4001 |
| 6:47 | Build | Building 4001 |
| 7:00 | Build | Building 4001 |
| 7:21 | Build | Building 4001 |
| 7:38 | Build | Building 4001 |
| 7:51 | Build | Building 4001 |
| 8:03 | Build | Building 4001 |
| 8:14 | Build | Building 4001 |
| 8:33 | Build | Building 4001 |
| 8:48 | Build | Building 4001 |
| 8:59 | Build | Building 4001 |
| 9:01 | Build | Building 4001 |
| 11:06 | Build | Building 4001 |
| 11:25 | Build | Building 4001 |
| 11:38 | Build | Building 4001 |
| 12:02 | Build | Building 4001 |
| 12:12 | Build | Building 4001 |
| 12:28 | Build | Building 4001 |
| 12:44 | Build | Building 4001 |
| 13:00 | Build | Building 4001 |
| 13:06 | Build | Building 4001 |
| 13:21 | Build | Building 4001 |
| 13:57 | Build | Building 4001 |
| 14:20 | Build | Building 4001 |
| 14:27 | Build | Building 4001 |
| 15:15 | Build | Building 4001 |
| 15:23 | Build | Building 4001 |
| 15:29 | Build | Building 4001 |
| 15:35 | Build | Building 4001 |
| 17:29 | Build | Building 4001 |
| 17:33 | Build | Building 4001 |
| 17:40 | Build | Building 4001 |
| 17:44 | Build | Building 4001 |
| 17:54 | Build | Building 4001 |
| 18:01 | Build | Building 4001 |
| 18:06 | Build | Building 4001 |
| 18:11 | Build | Building 4001 |
| 18:20 | Build | Building 4001 |
| 18:27 | Build | Building 4001 |
| 18:34 | Build | Building 4001 |
| 21:19 | Build | Building 4001 |
| 21:37 | Build | Building 4001 |
| 22:04 | Build | Building 4001 |
| 22:43 | Build | Building 4015 |
| 22:43 | Build | Building 4015 |
| 22:44 | Build | Building 4015 |
| 22:44 | Build | Building 4015 |
| 22:45 | Build | Building 4015 |
| 22:46 | Build | Building 4015 |
| 22:46 | Build | Building 4015 |
| 22:54 | Build | Building 4015 |
| 22:55 | Build | Building 4015 |
| 22:55 | Build | Building 4015 |
| 22:56 | Build | Building 4015 |
| 22:56 | Build | Building 4015 |
| 22:56 | Build | Building 4015 |
| 22:57 | Build | Building 4015 |
| 22:57 | Build | Building 4015 |
| 22:58 | Build | Building 4015 |
| 22:58 | Build | Building 4015 |
| 22:59 | Build | Building 4015 |
| 23:00 | Build | Building 4015 |
| 23:02 | Build | Building 4015 |
| 23:02 | Build | Building 4015 |
| 23:03 | Build | Building 4015 |
| 23:03 | Build | Building 4015 |
| 23:03 | Build | Building 4015 |
| 23:04 | Build | Building 4015 |
| 23:05 | Build | Building 4015 |
| 23:06 | Build | Building 4015 |
| 23:08 | Build | Building 4015 |
| 23:09 | Build | Building 4015 |
| 23:09 | Build | Building 4015 |
| 23:09 | Build | Building 4015 |
| 23:10 | Build | Building 4015 |
| 23:10 | Build | Building 4015 |
| 23:11 | Build | Building 4015 |
| 23:11 | Build | Building 4015 |
| 23:11 | Build | Building 4015 |
| 23:12 | Build | Building 4015 |
| 23:12 | Build | Building 4015 |
| 23:13 | Build | Building 4015 |
| 23:13 | Build | Building 4015 |
| 23:13 | Build | Building 4015 |
| 23:14 | Build | Building 4015 |
| 23:14 | Build | Building 4015 |
| 23:14 | Build | Building 4015 |
| 23:15 | Build | Building 4015 |
| 23:15 | Build | Building 4015 |
| 23:16 | Build | Building 4015 |
| 23:16 | Build | Building 4015 |
| 23:16 | Build | Building 4015 |
| 23:17 | Build | Building 4015 |
| 23:17 | Build | Building 4015 |
| 23:17 | Build | Building 4015 |
| 23:18 | Build | Building 4015 |
| 23:18 | Build | Building 4015 |
| 23:19 | Build | Building 4015 |
| 23:19 | Build | Building 4015 |
| 23:19 | Build | Building 4015 |
| 23:20 | Build | Building 4015 |
| 23:20 | Build | Building 4015 |
| 23:21 | Build | Building 4015 |
| 23:21 | Build | Building 4015 |
| 23:22 | Build | Building 4015 |
| 23:22 | Build | Building 4015 |
| 23:24 | Build | Building 4015 |
| 23:25 | Build | Building 4015 |
| 23:26 | Build | Building 4015 |
| 23:27 | Build | Building 4015 |
| 23:28 | Build | Building 4015 |
| 23:28 | Build | Building 4015 |
| 23:29 | Build | Building 4015 |
| 23:29 | Build | Building 4015 |
| 23:31 | Build | Building 4015 |
| 23:31 | Build | Building 4015 |
| 23:32 | Build | Building 4015 |
| 23:33 | Build | Building 4015 |
| 23:36 | Build | Building 4015 |
| 23:36 | Build | Building 4015 |
| 23:37 | Build | Building 4015 |
| 23:38 | Build | Building 4015 |
| 23:38 | Build | Building 4015 |
| 23:39 | Build | Building 4015 |
| 23:39 | Build | Building 4015 |
| 23:40 | Build | Building 4015 |
| 23:40 | Build | Building 4015 |
Build order — Macmob1903
98 actions detected in the replay
| 0:42 | Build | Building 4001 |
| 0:47 | Build | Building 4001 |
| 0:54 | Build | Building 4001 |
| 0:59 | Build | Building 4001 |
| 1:03 | Build | Building 4001 |
| 1:22 | Build | Building 4001 |
| 1:30 | Build | Building 4001 |
| 2:11 | Build | Building 4001 |
| 2:36 | Build | Building 4001 |
| 2:38 | Build | Building 4001 |
| 2:43 | Build | Building 4001 |
| 2:47 | Build | Building 4001 |
| 2:52 | Build | Building 4001 |
| 3:03 | Build | Building 4001 |
| 4:05 | Build | Building 4001 |
| 4:08 | Build | Building 4001 |
| 4:17 | Build | Building 4001 |
| 4:21 | Build | Building 4001 |
| 4:24 | Build | Building 4001 |
| 4:29 | Build | Building 4001 |
| 4:31 | Build | Building 4001 |
| 4:33 | Build | Building 4001 |
| 4:38 | Build | Building 4001 |
| 4:44 | Build | Building 4001 |
| 5:15 | Build | Building 4001 |
| 5:17 | Build | Building 4001 |
| 5:21 | Build | Building 4001 |
| 5:31 | Build | Building 4001 |
| 5:44 | Build | Building 4001 |
| 5:46 | Build | Building 4001 |
| 5:52 | Build | Building 4001 |
| 5:58 | Build | Building 4001 |
| 6:02 | Build | Building 4001 |
| 6:20 | Build | Building 4001 |
| 6:25 | Build | Building 4001 |
| 6:28 | Build | Building 4001 |
| 6:31 | Build | Building 4001 |
| 6:37 | Build | Building 4001 |
| 6:53 | Build | Building 4001 |
| 6:59 | Build | Building 4001 |
| 7:04 | Build | Building 4001 |
| 7:06 | Build | Building 4001 |
| 7:10 | Build | Building 4001 |
| 7:12 | Build | Building 4001 |
| 7:16 | Build | Building 4001 |
| 7:34 | Build | Building 4001 |
| 7:41 | Build | Building 4001 |
| 8:03 | Build | Building 4001 |
| 8:08 | Build | Building 4001 |
| 8:16 | Build | Building 4001 |
| 8:24 | Build | Building 4001 |
| 9:05 | Build | Building 4001 |
| 10:26 | Build | Building 4001 |
| 10:29 | Build | Building 4001 |
| 10:33 | Build | Building 4001 |
| 10:37 | Build | Building 4001 |
| 10:38 | Build | Building 4001 |
| 11:41 | Build | Building 4001 |
| 11:47 | Build | Building 4001 |
| 12:24 | Build | Building 4001 |
| 12:47 | Build | Building 4001 |
| 12:54 | Build | Building 4001 |
| 12:58 | Build | Building 4001 |
| 13:06 | Build | Building 4001 |
| 13:41 | Build | Building 4001 |
| 13:43 | Build | Building 4001 |
| 13:46 | Build | Building 4001 |
| 13:49 | Build | Building 4001 |
| 13:51 | Build | Building 4001 |
| 13:54 | Build | Building 4001 |
| 14:22 | Build | Building 4001 |
| 14:24 | Build | Building 4001 |
| 14:27 | Build | Building 4001 |
| 14:32 | Build | Building 4001 |
| 15:26 | Build | Building 4001 |
| 15:30 | Build | Building 4001 |
| 16:14 | Build | Building 4001 |
| 17:20 | Build | Building 4001 |
| 17:24 | Build | Building 4001 |
| 17:29 | Build | Building 4001 |
| 17:33 | Build | Building 4001 |
| 17:35 | Build | Building 4001 |
| 17:39 | Build | Building 4001 |
| 17:42 | Build | Building 4001 |
| 17:45 | Build | Building 4001 |
| 17:47 | Build | Building 4001 |
| 17:53 | Build | Building 4001 |
| 17:59 | Build | Building 4001 |
| 18:02 | Build | Building 4001 |
| 18:06 | Build | Building 4001 |
| 18:08 | Build | Building 4001 |
| 18:13 | Build | Building 4001 |
| 18:18 | Build | Building 4001 |
| 18:20 | Build | Building 4001 |
| 20:14 | Build | Building 4001 |
| 20:16 | Build | Building 4001 |
| 20:18 | Build | Building 4001 |
| 20:20 | Build | Building 4001 |
Build order — Tortrix
First 150 of 424 actions detected
| 0:34 | Build | Building 4001 |
| 0:35 | Build | Building 4001 |
| 0:36 | Build | Building 4001 |
| 0:38 | Build | Building 4001 |
| 0:39 | Build | Building 4001 |
| 1:04 | Build | Building 4001 |
| 1:10 | Build | Building 4001 |
| 1:15 | Build | Building 4001 |
| 1:19 | Build | Building 4001 |
| 1:51 | Build | Building 4001 |
| 1:58 | Build | Building 4001 |
| 2:17 | Build | Building 4001 |
| 2:22 | Build | Building 4001 |
| 2:38 | Build | Building 4001 |
| 2:42 | Build | Building 4001 |
| 3:13 | Build | Building 4001 |
| 3:28 | Build | Building 4001 |
| 3:31 | Build | Building 4001 |
| 3:33 | Build | Building 4001 |
| 3:33 | Build | Building 4001 |
| 3:34 | Build | Building 4001 |
| 3:35 | Build | Building 4001 |
| 3:39 | Build | Building 4001 |
| 3:43 | Build | Building 4001 |
| 4:49 | Build | Building 4001 |
| 5:37 | Build | Building 4001 |
| 5:44 | Build | Building 4001 |
| 5:47 | Build | Building 4001 |
| 5:50 | Build | Building 4001 |
| 5:52 | Build | Building 4001 |
| 5:54 | Build | Building 4001 |
| 5:56 | Build | Building 4001 |
| 6:01 | Build | Building 4001 |
| 6:07 | Build | Building 4001 |
| 6:11 | Build | Building 4001 |
| 6:11 | Build | Building 4001 |
| 6:12 | Build | Building 4001 |
| 6:14 | Build | Building 4001 |
| 6:17 | Build | Building 4001 |
| 6:18 | Build | Building 4001 |
| 6:19 | Build | Building 4001 |
| 6:21 | Build | Building 4001 |
| 9:57 | Build | Building 4001 |
| 9:58 | Build | Building 4001 |
| 10:01 | Build | Building 4001 |
| 10:03 | Build | Building 4001 |
| 10:49 | Build | Building 4001 |
| 10:52 | Build | Building 4001 |
| 10:54 | Build | Building 4001 |
| 10:56 | Build | Building 4001 |
| 11:42 | Build | Building 4001 |
| 11:45 | Build | Building 4001 |
| 12:00 | Build | Building 4001 |
| 12:02 | Build | Building 4001 |
| 12:43 | Build | Building 4001 |
| 12:44 | Build | Building 4001 |
| 12:45 | Build | Building 4001 |
| 12:46 | Build | Building 4001 |
| 12:52 | Build | Building 4001 |
| 12:52 | Build | Building 4001 |
| 12:53 | Build | Building 4001 |
| 12:54 | Build | Building 4001 |
| 12:54 | Build | Building 4001 |
| 12:55 | Build | Building 4001 |
| 12:56 | Build | Building 4001 |
| 12:57 | Build | Building 4001 |
| 12:57 | Build | Building 4001 |
| 12:58 | Build | Building 4001 |
| 12:58 | Build | Building 4001 |
| 12:59 | Build | Building 4001 |
| 13:00 | Build | Building 4001 |
| 13:01 | Build | Building 4001 |
| 13:01 | Build | Building 4001 |
| 13:02 | Build | Building 4001 |
| 13:03 | Build | Building 4001 |
| 13:03 | Build | Building 4001 |
| 13:04 | Build | Building 4001 |
| 13:04 | Build | Building 4001 |
| 13:05 | Build | Building 4001 |
| 13:06 | Build | Building 4001 |
| 13:06 | Build | Building 4001 |
| 13:07 | Build | Building 4001 |
| 13:07 | Build | Building 4001 |
| 13:08 | Build | Building 4001 |
| 13:09 | Build | Building 4001 |
| 13:11 | Build | Building 4001 |
| 13:12 | Build | Building 4001 |
| 13:13 | Build | Building 4001 |
| 13:15 | Build | Building 4001 |
| 13:16 | Build | Building 4001 |
| 13:16 | Build | Building 4001 |
| 13:17 | Build | Building 4001 |
| 13:18 | Build | Building 4001 |
| 13:18 | Build | Building 4001 |
| 13:19 | Build | Building 4001 |
| 13:19 | Build | Building 4001 |
| 13:20 | Build | Building 4001 |
| 13:21 | Build | Building 4001 |
| 13:21 | Build | Building 4001 |
| 13:22 | Build | Building 4001 |
| 13:22 | Build | Building 4001 |
| 13:23 | Build | Building 4001 |
| 13:24 | Build | Building 4001 |
| 13:24 | Build | Building 4001 |
| 13:25 | Build | Building 4001 |
| 13:26 | Build | Building 4001 |
| 13:27 | Build | Building 4001 |
| 13:27 | Build | Building 4001 |
| 13:28 | Build | Building 4001 |
| 13:28 | Build | Building 4001 |
| 13:29 | Build | Building 4001 |
| 13:30 | Build | Building 4001 |
| 13:30 | Build | Building 4001 |
| 13:39 | Build | Building 4001 |
| 13:40 | Build | Building 4001 |
| 13:40 | Build | Building 4001 |
| 13:41 | Build | Building 4001 |
| 13:42 | Build | Building 4001 |
| 13:42 | Build | Building 4001 |
| 13:43 | Build | Building 4001 |
| 13:44 | Build | Building 4001 |
| 13:44 | Build | Building 4001 |
| 13:45 | Build | Building 4001 |
| 13:46 | Build | Building 4001 |
| 13:46 | Build | Building 4001 |
| 13:47 | Build | Building 4001 |
| 13:47 | Build | Building 4001 |
| 13:48 | Build | Building 4001 |
| 13:48 | Build | Building 4001 |
| 13:51 | Build | Building 4001 |
| 13:52 | Build | Building 4001 |
| 13:54 | Build | Building 4001 |
| 13:56 | Build | Building 4001 |
| 14:30 | Build | Building 4001 |
| 15:07 | Build | Building 4001 |
| 15:09 | Build | Building 4001 |
| 15:12 | Build | Building 4001 |
| 15:46 | Build | Building 4001 |
| 16:14 | Build | Building 4001 |
| 16:16 | Build | Building 4001 |
| 16:17 | Build | Building 4001 |
| 16:19 | Build | Building 4001 |
| 16:24 | Build | Building 4001 |
| 17:14 | Build | Building 4001 |
| 17:16 | Build | Building 4001 |
| 17:18 | Build | Building 4001 |
| 17:21 | Build | Building 4001 |
| 17:24 | Build | Building 4001 |
| 17:40 | Build | Building 4007 |
| 17:41 | Build | Building 4007 |
Build order — ibrahimerkan202
6 actions detected in the replay
| 0:56 | Build | Building 4001 |
| 1:02 | Build | Building 4001 |
| 1:09 | Build | Building 4001 |
| 1:15 | Build | Building 4001 |
| 1:26 | Build | Building 4001 |
| 1:41 | Build | Building 4001 |
Match timeline
| 0:34 | Tortrix · wall_segment Unknown (4001) x9 |
| 0:35 | Tortrix · wall_segment Unknown (4001) x1 |
| 0:35 | Chlupinek · wall_segment Unknown (4001) x1 |
| 0:36 | Tortrix · wall_segment Unknown (4001) x11 |
| 0:37 | Chlupinek · wall_segment Unknown (4001) x6 |
| 0:37 | Gloin · wall_segment Unknown (4001) x21 |
| 0:38 | Tortrix · wall_segment Unknown (4001) x5 |
| 0:39 | Tortrix · wall_segment Unknown (4001) x1 |
| 0:41 | Chlupinek · wall_segment Unknown (4001) x5 |
| 0:42 | Macmob1903 · wall_segment Unknown (4001) x13 |
| 0:43 | Chlupinek · wall_segment Unknown (4001) x5 |
| 0:44 | bloodoftears · wall_segment Unknown (4001) x14 |
| 0:45 | Gloin · wall_segment Unknown (4001) x5 |
| 0:46 | Chlupinek · wall_segment Unknown (4001) x5 |
| 0:47 | Macmob1903 · wall_segment Unknown (4001) x5 |
| 0:49 | Mr.Kaiu · wall_segment Unknown (4001) x13 |
| 0:53 | Chlupinek · wall_segment Unknown (4001) x13 |
| 0:54 | Mr.Kaiu · wall_segment Unknown (4001) x13 |
| 0:54 | Macmob1903 · wall_segment Unknown (4001) x7 |
| 0:56 | Chlupinek · wall_segment Unknown (4001) x10 |
| 0:56 | ibrahimerkan202 · wall_segment Unknown (4001) x19 |
| 0:59 | bloodoftears · wall_segment Unknown (4001) x14 |
| 0:59 | Macmob1903 · wall_segment Unknown (4001) x5 |
| 1:02 | ibrahimerkan202 · wall_segment Unknown (4001) x5 |
| 1:03 | bloodoftears · wall_segment Unknown (4001) x2 |
| 1:03 | Macmob1903 · wall_segment Unknown (4001) x27 |
| 1:04 | Tortrix · wall_segment Unknown (4001) x16 |
| 1:05 | Gloin · wall_segment Unknown (4001) x14 |
| 1:09 | ibrahimerkan202 · wall_segment Unknown (4001) x24 |
| 1:09 | Gloin · wall_segment Unknown (4001) x12 |
| 1:10 | Tortrix · wall_segment Unknown (4001) x16 |
| 1:10 | Chlupinek · wall_segment Unknown (4001) x1 |
| 1:11 | Chlupinek · wall_segment Unknown (4001) x6 |
| 1:12 | Mr.Kaiu · wall_segment Unknown (4001) x20 |
| 1:12 | Mr.Kaiu · wall_segment Unknown (4001) x1 |
| 1:14 | Chlupinek · wall_segment Unknown (4001) x4 |
| 1:15 | Tortrix · wall_segment Unknown (4001) x8 |
| 1:15 | ibrahimerkan202 · wall_segment Unknown (4001) x24 |
| 1:16 | Chlupinek · wall_segment Unknown (4001) x1 |
| 1:18 | Mr.Kaiu · wall_segment Unknown (4001) x20 |
| 1:19 | Tortrix · wall_segment Unknown (4001) x9 |
| 1:21 | Mr.Kaiu · wall_segment Unknown (4001) x20 |
| 1:22 | Macmob1903 · wall_segment Unknown (4001) x6 |
| 1:23 | bloodoftears · wall_segment Unknown (4001) x14 |
| 1:25 | Chlupinek · wall_segment Unknown (4001) x8 |
| 1:26 | ibrahimerkan202 · wall_segment Unknown (4001) x45 |
| 1:29 | Chlupinek · wall_segment Unknown (4001) x11 |
| 1:30 | Macmob1903 · wall_segment Unknown (4001) x31 |
| 1:31 | Gloin · wall_segment Unknown (4001) x3 |
| 1:33 | Gloin · wall_segment Unknown (4001) x19 |
| 1:39 | Mr.Kaiu · first_building Stable |
| 1:41 | ibrahimerkan202 · wall_segment Unknown (4001) x45 |
| 1:43 | bloodoftears · wall_segment Unknown (4001) x12 |
| 1:45 | Gloin · wall_segment Unknown (4001) x9 |
| 1:49 | Chlupinek · wall_segment Unknown (4001) x10 |
| 1:51 | Tortrix · wall_segment Unknown (4001) x4 |
| 1:54 | Chlupinek · wall_segment Unknown (4001) x23 |
| 1:56 | Chlupinek · wall_segment Unknown (4001) x1 |
| 1:56 | Gloin · wall_segment Unknown (4001) x16 |
| 1:57 | bloodoftears · wall_segment Unknown (4001) x23 |
| 1:57 | Chlupinek · wall_segment Unknown (4001) x1 |
| 1:58 | Tortrix · wall_segment Unknown (4001) x16 |
| 2:03 | Chlupinek · wall_segment Unknown (4001) x30 |
| 2:04 | Gloin · wall_segment Unknown (4001) x12 |
| 2:11 | bloodoftears · wall_segment Unknown (4001) x3 |
| 2:11 | Macmob1903 · wall_segment Unknown (4001) x31 |
| 2:17 | Gloin · wall_segment Unknown (4001) x4 |
| 2:17 | Tortrix · wall_segment Unknown (4001) x10 |
| 2:18 | bloodoftears · wall_segment Unknown (4001) x1 |
| 2:18 | Gloin · wall_segment Unknown (4001) x2 |
| 2:22 | Tortrix · wall_segment Unknown (4001) x9 |
| 2:23 | Gloin · first_building Stable |
| 2:23 | bloodoftears · wall_segment Unknown (4001) x27 |
| 2:28 | Gloin · wall_segment Unknown (4001) x5 |
| 2:36 | Gloin · wall_segment Unknown (4001) x4 |
| 2:36 | Macmob1903 · wall_segment Unknown (4001) x9 |
| 2:38 | Tortrix · wall_segment Unknown (4001) x16 |
| 2:38 | Macmob1903 · wall_segment Unknown (4001) x4 |
| 2:41 | Chlupinek · first_building Stable |
| 2:42 | Tortrix · wall_segment Unknown (4001) x20 |
| 2:43 | Gloin · wall_segment Unknown (4001) x3 |
| 2:43 | Macmob1903 · wall_segment Unknown (4001) x7 |
| 2:44 | Gloin · wall_segment Unknown (4001) x2 |
| 2:44 | Chlupinek · wall_segment Unknown (4001) x16 |
| 2:46 | Gloin · wall_segment Unknown (4001) x2 |
| 2:47 | Gloin · wall_segment Unknown (4001) x2 |
| 2:47 | Macmob1903 · wall_segment Unknown (4001) x1 |
| 2:47 | bloodoftears · wall_segment Unknown (4001) x18 |
| 2:49 | Gloin · wall_segment Unknown (4001) x2 |
| 2:49 | Mr.Kaiu · wall_segment Unknown (4001) x1 |
| 2:50 | Gloin · wall_segment Unknown (4001) x2 |
| 2:51 | Gloin · wall_segment Unknown (4001) x4 |
| 2:52 | Macmob1903 · wall_segment Unknown (4001) x10 |
| 2:53 | Gloin · wall_segment Unknown (4001) x4 |
| 2:56 | Gloin · wall_segment Unknown (4001) x4 |
| 3:02 | bloodoftears · wall_segment Unknown (4001) x18 |
| 3:03 | Chlupinek · wall_segment Unknown (4001) x18 |
| 3:03 | Macmob1903 · wall_segment Unknown (4001) x26 |
| 3:13 | Tortrix · wall_segment Unknown (4001) x15 |
| 3:15 | Gloin · wall_segment Unknown (4001) x4 |
| 3:17 | Gloin · wall_segment Unknown (4001) x7 |
| 3:20 | Gloin · wall_segment Unknown (4001) x24 |
| 3:23 | Chlupinek · wall_segment Unknown (4001) x44 |
| 3:27 | Gloin · wall_segment Unknown (4001) x11 |
| 3:28 | Tortrix · wall_segment Unknown (4001) x15 |
| 3:31 | Tortrix · wall_segment Unknown (4001) x2 |
| 3:31 | bloodoftears · wall_segment Unknown (4001) x17 |
| 3:33 | Tortrix · wall_segment Unknown (4001) x8 |
| 3:33 | Chlupinek · wall_segment Unknown (4001) x1 |
| 3:33 | Tortrix · wall_segment Unknown (4001) x1 |
| 3:34 | Chlupinek · wall_segment Unknown (4001) x1 |
| 3:34 | Tortrix · wall_segment Unknown (4001) x1 |
| 3:35 | Chlupinek · wall_segment Unknown (4001) x14 |
| 3:35 | Tortrix · wall_segment Unknown (4001) x1 |
| 3:39 | Tortrix · wall_segment Unknown (4001) x13 |
| 3:43 | Chlupinek · wall_segment Unknown (4001) x20 |
| 3:43 | Tortrix · wall_segment Unknown (4001) x23 |
| 3:46 | Chlupinek · wall_segment Unknown (4001) x11 |
| 3:48 | Chlupinek · wall_segment Unknown (4001) x49 |
| 3:52 | Gloin · wall_segment Unknown (4001) x9 |
| 3:56 | bloodoftears · wall_segment Unknown (4001) x18 |
| 4:00 | Gloin · wall_segment Unknown (4001) x4 |
| 4:04 | Gloin · wall_segment Unknown (4001) x2 |
| 4:05 | Macmob1903 · wall_segment Unknown (4001) x2 |
| 4:08 | Macmob1903 · wall_segment Unknown (4001) x6 |
| 4:12 | Gloin · wall_segment Unknown (4001) x15 |
| 4:13 | bloodoftears · wall_segment Unknown (4001) x10 |
| 4:17 | Macmob1903 · wall_segment Unknown (4001) x11 |
| 4:21 | Macmob1903 · wall_segment Unknown (4001) x5 |
| 4:24 | Macmob1903 · wall_segment Unknown (4001) x14 |
| 4:29 | Macmob1903 · wall_segment Unknown (4001) x4 |
| 4:31 | Macmob1903 · wall_segment Unknown (4001) x3 |
| 4:33 | Macmob1903 · wall_segment Unknown (4001) x3 |
| 4:35 | Gloin · wall_segment Unknown (4001) x10 |
| 4:37 | bloodoftears · wall_segment Unknown (4001) x10 |
| 4:38 | Macmob1903 · wall_segment Unknown (4001) x8 |
| 4:44 | Macmob1903 · wall_segment Unknown (4001) x12 |
| 4:46 | Gloin · wall_segment Unknown (4001) x8 |
| 4:49 | Gloin · wall_segment Unknown (4001) x14 |
| 4:49 | Tortrix · wall_segment Unknown (4001) x27 |
| 4:54 | Chlupinek · wall_segment Unknown (4001) x44 |
| 4:54 | bloodoftears · wall_segment Unknown (4001) x10 |
| 5:02 | Chlupinek · wall_segment Unknown (4001) x44 |
| 5:09 | bloodoftears · wall_segment Unknown (4001) x11 |
| 5:13 | Gloin · wall_segment Unknown (4001) x4 |
| 5:15 | Gloin · wall_segment Unknown (4001) x14 |
| 5:15 | Macmob1903 · wall_segment Unknown (4001) x12 |
| 5:17 | Macmob1903 · wall_segment Unknown (4001) x6 |
| 5:21 | Macmob1903 · wall_segment Unknown (4001) x6 |
| 5:23 | bloodoftears · wall_segment Unknown (4001) x9 |
| 5:28 | Gloin · wall_segment Unknown (4001) x1 |
| 5:31 | Macmob1903 · wall_segment Unknown (4001) x1 |
| 5:31 | Gloin · wall_segment Unknown (4001) x15 |
| 5:37 | Tortrix · wall_segment Unknown (4001) x7 |
| 5:40 | bloodoftears · wall_segment Unknown (4001) x16 |
| 5:44 | Macmob1903 · wall_segment Unknown (4001) x11 |
| 5:44 | Tortrix · wall_segment Unknown (4001) x7 |
| 5:46 | Macmob1903 · wall_segment Unknown (4001) x1 |
| 5:47 | Tortrix · wall_segment Unknown (4001) x7 |
| 5:50 | Tortrix · wall_segment Unknown (4001) x7 |
| 5:52 | Tortrix · wall_segment Unknown (4001) x7 |
| 5:52 | Gloin · wall_segment Unknown (4001) x7 |
| 5:52 | Macmob1903 · wall_segment Unknown (4001) x9 |
| 5:53 | bloodoftears · wall_segment Unknown (4001) x10 |
| 5:54 | Tortrix · wall_segment Unknown (4001) x7 |
| 5:54 | Gloin · wall_segment Unknown (4001) x9 |
| 5:56 | Tortrix · wall_segment Unknown (4001) x7 |
| 5:58 | Macmob1903 · wall_segment Unknown (4001) x9 |
| 6:01 | Tortrix · wall_segment Unknown (4001) x26 |
| 6:02 | Gloin · wall_segment Unknown (4001) x3 |
| 6:02 | Macmob1903 · wall_segment Unknown (4001) x9 |
| 6:03 | bloodoftears · wall_segment Unknown (4001) x1 |
| 6:04 | Gloin · wall_segment Unknown (4001) x4 |
| 6:07 | Tortrix · wall_segment Unknown (4001) x25 |
| 6:09 | Gloin · wall_segment Unknown (4001) x8 |
| 6:10 | bloodoftears · wall_segment Unknown (4001) x18 |
| 6:11 | Tortrix · wall_segment Unknown (4001) x24 |
| 6:11 | Tortrix · wall_segment Unknown (4001) x1 |
| 6:12 | Tortrix · wall_segment Unknown (4001) x1 |
| 6:14 | Chlupinek · wall_segment Unknown (4001) x45 |
| 6:14 | Gloin · wall_segment Unknown (4001) x4 |
| 6:14 | Tortrix · wall_segment Unknown (4001) x25 |
| 6:17 | Tortrix · wall_segment Unknown (4001) x26 |
| 6:17 | Gloin · wall_segment Unknown (4001) x9 |
| 6:18 | Tortrix · wall_segment Unknown (4001) x1 |
| 6:18 | Chlupinek · wall_segment Unknown (4001) x52 |
| 6:19 | Tortrix · wall_segment Unknown (4001) x1 |
| 6:20 | Macmob1903 · wall_segment Unknown (4001) x1 |
| 6:21 | Tortrix · wall_segment Unknown (4001) x25 |
| 6:25 | Macmob1903 · wall_segment Unknown (4001) x2 |
| 6:28 | Macmob1903 · wall_segment Unknown (4001) x10 |
| 6:29 | Gloin · wall_segment Unknown (4001) x7 |
| 6:31 | Macmob1903 · wall_segment Unknown (4001) x2 |
| 6:32 | bloodoftears · wall_segment Unknown (4001) x1 |
| 6:34 | Gloin · wall_segment Unknown (4001) x3 |
| 6:36 | bloodoftears · wall_segment Unknown (4001) x15 |
| 6:36 | Gloin · wall_segment Unknown (4001) x9 |
| 6:37 | Macmob1903 · wall_segment Unknown (4001) x10 |
| 6:40 | Gloin · wall_segment Unknown (4001) x16 |
| 6:47 | bloodoftears · wall_segment Unknown (4001) x5 |
| 6:53 | Macmob1903 · wall_segment Unknown (4001) x1 |
| 6:54 | Gloin · wall_segment Unknown (4001) x7 |
| 6:59 | Macmob1903 · wall_segment Unknown (4001) x3 |
| 7:00 | Gloin · wall_segment Unknown (4001) x2 |
| 7:00 | bloodoftears · wall_segment Unknown (4001) x19 |
| 7:02 | Gloin · wall_segment Unknown (4001) x1 |
| 7:03 | Gloin · wall_segment Unknown (4001) x1 |
| 7:04 | Gloin · wall_segment Unknown (4001) x1 |
| 7:04 | Macmob1903 · wall_segment Unknown (4001) x2 |
| 7:05 | Gloin · wall_segment Unknown (4001) x1 |
| 7:06 | Gloin · wall_segment Unknown (4001) x1 |
| 7:06 | Macmob1903 · wall_segment Unknown (4001) x3 |
| 7:07 | Gloin · wall_segment Unknown (4001) x1 |
| 7:07 | Gloin · wall_segment Unknown (4001) x1 |
| 7:08 | Gloin · wall_segment Unknown (4001) x1 |
| 7:09 | Gloin · wall_segment Unknown (4001) x1 |
| 7:10 | Gloin · wall_segment Unknown (4001) x1 |
| 7:10 | Macmob1903 · wall_segment Unknown (4001) x13 |
| 7:10 | Gloin · wall_segment Unknown (4001) x1 |
| 7:11 | Gloin · wall_segment Unknown (4001) x1 |
| 7:11 | Gloin · wall_segment Unknown (4001) x1 |
| 7:12 | Gloin · wall_segment Unknown (4001) x1 |
| 7:12 | Macmob1903 · wall_segment Unknown (4001) x1 |
| 7:16 | Macmob1903 · wall_segment Unknown (4001) x13 |
| 7:20 | Gloin · wall_segment Unknown (4001) x1 |
| 7:21 | bloodoftears · wall_segment Unknown (4001) x13 |
| 7:22 | Gloin · wall_segment Unknown (4001) x1 |
| 7:23 | Gloin · wall_segment Unknown (4001) x1 |
| 7:24 | Gloin · wall_segment Unknown (4001) x1 |
| 7:25 | Gloin · wall_segment Unknown (4001) x1 |
| 7:25 | Gloin · wall_segment Unknown (4001) x1 |
| 7:27 | Gloin · wall_segment Unknown (4001) x1 |
| 7:28 | Gloin · wall_segment Unknown (4001) x1 |
| 7:29 | Gloin · wall_segment Unknown (4001) x1 |
| 7:30 | Gloin · wall_segment Unknown (4001) x1 |
| 7:31 | Gloin · wall_segment Unknown (4001) x1 |
| 7:31 | Gloin · wall_segment Unknown (4001) x1 |
| 7:32 | Gloin · wall_segment Unknown (4001) x1 |
| 7:33 | Gloin · wall_segment Unknown (4001) x1 |
| 7:34 | Macmob1903 · wall_segment Unknown (4001) x4 |
| 7:35 | Gloin · wall_segment Unknown (4001) x1 |
| 7:36 | Gloin · wall_segment Unknown (4001) x1 |
| 7:37 | Gloin · wall_segment Unknown (4001) x4 |
| 7:38 | bloodoftears · wall_segment Unknown (4001) x4 |
| 7:38 | Gloin · wall_segment Unknown (4001) x1 |
| 7:39 | Gloin · wall_segment Unknown (4001) x1 |
| 7:40 | Chlupinek · wall_segment Unknown (4001) x43 |
| 7:40 | Gloin · wall_segment Unknown (4001) x1 |
| 7:41 | Gloin · wall_segment Unknown (4001) x1 |
| 7:41 | Macmob1903 · wall_segment Unknown (4001) x20 |
| 7:42 | Gloin · wall_segment Unknown (4001) x1 |
| 7:43 | Gloin · wall_segment Unknown (4001) x1 |
| 7:44 | Gloin · wall_segment Unknown (4001) x1 |
| 7:45 | Chlupinek · wall_segment Unknown (4001) x47 |
| 7:45 | Gloin · wall_segment Unknown (4001) x1 |
| 7:46 | Gloin · wall_segment Unknown (4001) x1 |
| 7:47 | Gloin · wall_segment Unknown (4001) x1 |
| 7:49 | Gloin · wall_segment Unknown (4001) x1 |
| 7:50 | Gloin · wall_segment Unknown (4001) x1 |
| 7:50 | Chlupinek · wall_segment Unknown (4001) x43 |
| 7:51 | bloodoftears · wall_segment Unknown (4001) x13 |
| 7:51 | Gloin · wall_segment Unknown (4001) x1 |
| 7:53 | Gloin · wall_segment Unknown (4001) x1 |
| 7:53 | Gloin · wall_segment Unknown (4001) x1 |
| 8:02 | Gloin · wall_segment Unknown (4001) x3 |
| 8:03 | Macmob1903 · wall_segment Unknown (4001) x18 |
| 8:03 | bloodoftears · wall_segment Unknown (4001) x1 |
| 8:03 | Gloin · wall_segment Unknown (4001) x2 |
| 8:04 | Gloin · wall_segment Unknown (4001) x10 |
| 8:08 | Macmob1903 · wall_segment Unknown (4001) x1 |
| 8:09 | Gloin · wall_segment Unknown (4001) x1 |
| 8:11 | Gloin · wall_segment Unknown (4001) x1 |
| 8:12 | Gloin · wall_segment Unknown (4001) x1 |
| 8:13 | Gloin · wall_segment Unknown (4001) x1 |
| 8:13 | Gloin · wall_segment Unknown (4001) x1 |
| 8:14 | bloodoftears · wall_segment Unknown (4001) x13 |
| 8:14 | Gloin · wall_segment Unknown (4001) x1 |
| 8:15 | Gloin · wall_segment Unknown (4001) x1 |
| 8:16 | Gloin · wall_segment Unknown (4001) x1 |
| 8:16 | Macmob1903 · wall_segment Unknown (4001) x20 |
| 8:17 | Gloin · wall_segment Unknown (4001) x1 |
| 8:19 | Gloin · wall_segment Unknown (4001) x1 |
| 8:20 | Gloin · wall_segment Unknown (4001) x1 |
| 8:21 | Gloin · wall_segment Unknown (4001) x1 |
| 8:22 | Gloin · wall_segment Unknown (4001) x1 |
| 8:23 | Gloin · wall_segment Unknown (4001) x1 |
| 8:24 | Macmob1903 · wall_segment Unknown (4001) x20 |
| 8:24 | Gloin · wall_segment Unknown (4001) x1 |
| 8:25 | Gloin · wall_segment Unknown (4001) x1 |
| 8:26 | Gloin · wall_segment Unknown (4001) x1 |
| 8:27 | Gloin · wall_segment Unknown (4001) x1 |
| 8:28 | Gloin · wall_segment Unknown (4001) x1 |
| 8:30 | Gloin · wall_segment Unknown (4001) x1 |
| 8:30 | Gloin · wall_segment Unknown (4001) x1 |
| 8:32 | Gloin · wall_segment Unknown (4001) x4 |
| 8:33 | bloodoftears · wall_segment Unknown (4001) x15 |
| 8:33 | Gloin · wall_segment Unknown (4001) x4 |
| 8:36 | Gloin · wall_segment Unknown (4001) x26 |
| 8:48 | bloodoftears · wall_segment Unknown (4001) x9 |
| 8:49 | Gloin · wall_segment Unknown (4001) x1 |
| 8:50 | Gloin · wall_segment Unknown (4001) x1 |
| 8:51 | Gloin · wall_segment Unknown (4001) x1 |
| 8:52 | Gloin · wall_segment Unknown (4001) x1 |
| 8:52 | Gloin · wall_segment Unknown (4001) x1 |
| 8:54 | Gloin · wall_segment Unknown (4001) x1 |
| 8:59 | bloodoftears · wall_segment Unknown (4001) x7 |
| 9:00 | Gloin · wall_segment Unknown (4001) x1 |
| 9:01 | bloodoftears · wall_segment Unknown (4001) x12 |
| 9:01 | Gloin · wall_segment Unknown (4001) x1 |
| 9:02 | Gloin · wall_segment Unknown (4001) x1 |
| 9:03 | Gloin · wall_segment Unknown (4001) x1 |
| 9:04 | Gloin · wall_segment Unknown (4001) x1 |
| 9:05 | Macmob1903 · wall_segment Unknown (4001) x10 |
| 9:05 | Gloin · wall_segment Unknown (4001) x1 |
| 9:06 | Gloin · wall_segment Unknown (4001) x1 |
| 9:07 | Gloin · wall_segment Unknown (4001) x1 |
| 9:07 | Gloin · wall_segment Unknown (4001) x1 |
| 9:09 | Gloin · wall_segment Unknown (4001) x1 |
| 9:09 | Gloin · wall_segment Unknown (4001) x1 |
| 9:10 | Gloin · wall_segment Unknown (4001) x1 |
| 9:11 | Gloin · wall_segment Unknown (4001) x1 |
| 9:12 | Gloin · wall_segment Unknown (4001) x1 |
| 9:13 | Gloin · wall_segment Unknown (4001) x1 |
| 9:14 | Gloin · wall_segment Unknown (4001) x1 |
| 9:15 | Gloin · wall_segment Unknown (4001) x1 |
| 9:15 | Gloin · wall_segment Unknown (4001) x1 |
| 9:16 | Gloin · wall_segment Unknown (4001) x1 |
| 9:24 | Gloin · wall_segment Unknown (4001) x1 |
| 9:25 | Gloin · wall_segment Unknown (4001) x1 |
| 9:26 | Gloin · wall_segment Unknown (4001) x1 |
| 9:27 | Gloin · wall_segment Unknown (4001) x1 |
| 9:30 | Gloin · wall_segment Unknown (4001) x1 |
| 9:31 | Gloin · wall_segment Unknown (4001) x7 |
| 9:37 | Gloin · wall_segment Unknown (4001) x12 |
| 9:47 | Gloin · wall_segment Unknown (4001) x11 |
| 9:57 | Tortrix · wall_segment Unknown (4001) x2 |
| 9:58 | Tortrix · wall_segment Unknown (4001) x6 |
| 9:59 | Gloin · wall_segment Unknown (4001) x8 |
| 10:01 | Tortrix · wall_segment Unknown (4001) x12 |
| 10:01 | Gloin · wall_segment Unknown (4001) x1 |
| 10:03 | Tortrix · wall_segment Unknown (4001) x11 |
| 10:06 | Gloin · wall_segment Unknown (4001) x1 |
| 10:08 | Gloin · wall_segment Unknown (4001) x6 |
| 10:13 | Gloin · wall_segment Unknown (4001) x5 |
| 10:18 | Gloin · wall_segment Unknown (4001) x8 |
| 10:19 | Gloin · wall_segment Unknown (4001) x1 |
| 10:21 | Gloin · wall_segment Unknown (4001) x2 |
| 10:23 | Gloin · wall_segment Unknown (4001) x5 |
| 10:25 | Gloin · wall_segment Unknown (4001) x1 |
| 10:26 | Macmob1903 · wall_segment Unknown (4001) x11 |
| 10:27 | Gloin · wall_segment Unknown (4001) x7 |
| 10:29 | Macmob1903 · wall_segment Unknown (4001) x11 |
| 10:33 | Macmob1903 · wall_segment Unknown (4001) x11 |
| 10:35 | Gloin · wall_segment Unknown (4001) x7 |
| 10:37 | Macmob1903 · wall_segment Unknown (4001) x11 |
| 10:38 | Macmob1903 · wall_segment Unknown (4001) x2 |
| 10:43 | Gloin · wall_segment Unknown (4001) x15 |
| 10:48 | Gloin · wall_segment Unknown (4001) x16 |
| 10:49 | Tortrix · wall_segment Unknown (4001) x11 |
| 10:52 | Tortrix · wall_segment Unknown (4001) x12 |
| 10:54 | Tortrix · wall_segment Unknown (4001) x11 |
| 10:56 | Tortrix · wall_segment Unknown (4001) x12 |
| 10:57 | Gloin · wall_segment Unknown (4001) x19 |
| 11:01 | Gloin · wall_segment Unknown (4001) x40 |
| 11:06 | bloodoftears · wall_segment Unknown (4001) x20 |
| 11:25 | bloodoftears · wall_segment Unknown (4001) x13 |
| 11:38 | bloodoftears · wall_segment Unknown (4001) x20 |
| 11:41 | Macmob1903 · wall_segment Unknown (4001) x1 |
| 11:42 | Tortrix · wall_segment Unknown (4001) x8 |
| 11:45 | Tortrix · wall_segment Unknown (4001) x9 |
| 11:45 | Chlupinek · wall_segment Unknown (4001) x1 |
| 11:46 | Chlupinek · wall_segment Unknown (4001) x21 |
| 11:47 | Macmob1903 · wall_segment Unknown (4001) x26 |
| 11:58 | Gloin · wall_segment Unknown (4001) x9 |
| 11:59 | Gloin · wall_segment Unknown (4001) x1 |
| 11:59 | Gloin · wall_segment Unknown (4001) x1 |
| 11:59 | Chlupinek · wall_segment Unknown (4001) x6 |
| 12:00 | Tortrix · wall_segment Unknown (4001) x1 |
| 12:00 | Gloin · wall_segment Unknown (4001) x1 |
| 12:02 | Tortrix · wall_segment Unknown (4001) x5 |
| 12:02 | bloodoftears · wall_segment Unknown (4001) x6 |
| 12:02 | Chlupinek · wall_segment Unknown (4001) x24 |
| 12:05 | Gloin · wall_segment Unknown (4001) x3 |
| 12:10 | Gloin · wall_segment Unknown (4001) x2 |
| 12:12 | bloodoftears · wall_segment Unknown (4001) x9 |
| 12:13 | Gloin · wall_segment Unknown (4001) x4 |
| 12:19 | Gloin · wall_segment Unknown (4001) x4 |
| 12:24 | Macmob1903 · wall_segment Unknown (4001) x12 |
| 12:25 | Gloin · wall_segment Unknown (4001) x4 |
| 12:27 | Gloin · wall_segment Unknown (4001) x1 |
| 12:28 | bloodoftears · wall_segment Unknown (4001) x10 |
| 12:28 | Gloin · wall_segment Unknown (4001) x1 |
| 12:29 | Gloin · wall_segment Unknown (4001) x1 |
| 12:30 | Gloin · wall_segment Unknown (4001) x1 |
| 12:31 | Gloin · wall_segment Unknown (4001) x1 |
| 12:31 | Gloin · wall_segment Unknown (4001) x1 |
| 12:32 | Gloin · wall_segment Unknown (4001) x1 |
| 12:33 | Gloin · wall_segment Unknown (4001) x1 |
| 12:34 | Gloin · wall_segment Unknown (4001) x1 |
| 12:35 | Gloin · wall_segment Unknown (4001) x1 |
| 12:36 | Gloin · wall_segment Unknown (4001) x1 |
| 12:36 | Gloin · wall_segment Unknown (4001) x1 |
| 12:37 | Gloin · wall_segment Unknown (4001) x1 |
| 12:38 | Gloin · wall_segment Unknown (4001) x1 |
| 12:39 | Gloin · wall_segment Unknown (4001) x1 |
| 12:40 | Gloin · wall_segment Unknown (4001) x1 |
| 12:41 | Gloin · wall_segment Unknown (4001) x1 |
| 12:41 | Chlupinek · wall_segment Unknown (4001) x17 |
| 12:42 | Gloin · wall_segment Unknown (4001) x1 |
| 12:43 | Gloin · wall_segment Unknown (4001) x1 |
| 12:43 | Tortrix · wall_segment Unknown (4001) x8 |
| 12:44 | Gloin · wall_segment Unknown (4001) x1 |
| 12:44 | bloodoftears · wall_segment Unknown (4001) x17 |
| 12:44 | Tortrix · wall_segment Unknown (4001) x10 |
| 12:45 | Chlupinek · wall_segment Unknown (4001) x10 |
| 12:45 | Gloin · wall_segment Unknown (4001) x1 |
| 12:45 | Tortrix · wall_segment Unknown (4001) x1 |
| 12:46 | Tortrix · wall_segment Unknown (4001) x1 |
| 12:46 | Gloin · wall_segment Unknown (4001) x1 |
| 12:47 | Macmob1903 · wall_segment Unknown (4001) x9 |
| 12:48 | Gloin · wall_segment Unknown (4001) x1 |
| 12:49 | Gloin · wall_segment Unknown (4001) x1 |
| 12:49 | Gloin · wall_segment Unknown (4001) x1 |
| 12:50 | Gloin · wall_segment Unknown (4001) x1 |
| 12:52 | Tortrix · wall_segment Unknown (4001) x1 |
| 12:52 | Tortrix · wall_segment Unknown (4001) x1 |
| 12:53 | Gloin · wall_segment Unknown (4001) x1 |
| 12:53 | Tortrix · wall_segment Unknown (4001) x1 |
| 12:54 | Tortrix · wall_segment Unknown (4001) x1 |
| 12:54 | Macmob1903 · wall_segment Unknown (4001) x6 |
| 12:54 | Gloin · wall_segment Unknown (4001) x1 |
| 12:54 | Tortrix · wall_segment Unknown (4001) x1 |
| 12:55 | Gloin · wall_segment Unknown (4001) x1 |
| 12:55 | Tortrix · wall_segment Unknown (4001) x1 |
| 12:56 | Tortrix · wall_segment Unknown (4001) x1 |
| 12:57 | Gloin · wall_segment Unknown (4001) x1 |
| 12:57 | Tortrix · wall_segment Unknown (4001) x1 |
| 12:57 | Tortrix · wall_segment Unknown (4001) x1 |
| 12:58 | Gloin · wall_segment Unknown (4001) x1 |
| 12:58 | Tortrix · wall_segment Unknown (4001) x1 |
| 12:58 | Gloin · wall_segment Unknown (4001) x1 |
| 12:58 | Macmob1903 · wall_segment Unknown (4001) x5 |
| 12:58 | Tortrix · wall_segment Unknown (4001) x1 |
| 12:59 | Tortrix · wall_segment Unknown (4001) x1 |
| 13:00 | bloodoftears · wall_segment Unknown (4001) x5 |
| 13:00 | Tortrix · wall_segment Unknown (4001) x1 |
| 13:00 | Gloin · wall_segment Unknown (4001) x1 |
| 13:01 | Tortrix · wall_segment Unknown (4001) x1 |
| 13:01 | Tortrix · wall_segment Unknown (4001) x1 |
| 13:02 | Tortrix · wall_segment Unknown (4001) x1 |
| 13:02 | Gloin · wall_segment Unknown (4001) x1 |
| 13:02 | Gloin · wall_segment Unknown (4001) x1 |
| 13:03 | Tortrix · wall_segment Unknown (4001) x1 |
| 13:03 | Tortrix · wall_segment Unknown (4001) x1 |
| 13:04 | Tortrix · wall_segment Unknown (4001) x1 |
| 13:04 | Tortrix · wall_segment Unknown (4001) x1 |
| 13:05 | Tortrix · wall_segment Unknown (4001) x1 |
| 13:05 | Gloin · wall_segment Unknown (4001) x3 |
| 13:06 | Tortrix · wall_segment Unknown (4001) x1 |
| 13:06 | bloodoftears · wall_segment Unknown (4001) x1 |
| 13:06 | Tortrix · wall_segment Unknown (4001) x1 |
| 13:06 | Macmob1903 · wall_segment Unknown (4001) x5 |
| 13:07 | Tortrix · wall_segment Unknown (4001) x1 |
| 13:07 | Gloin · wall_segment Unknown (4001) x5 |
| 13:07 | Tortrix · wall_segment Unknown (4001) x1 |
| 13:08 | Tortrix · wall_segment Unknown (4001) x1 |
| 13:09 | Tortrix · wall_segment Unknown (4001) x1 |
| 13:11 | Tortrix · wall_segment Unknown (4001) x1 |
| 13:12 | Tortrix · wall_segment Unknown (4001) x1 |
| 13:13 | Tortrix · wall_segment Unknown (4001) x1 |
| 13:13 | Gloin · wall_segment Unknown (4001) x16 |
| 13:15 | Tortrix · wall_segment Unknown (4001) x1 |
| 13:16 | Tortrix · wall_segment Unknown (4001) x1 |
| 13:16 | Tortrix · wall_segment Unknown (4001) x1 |
| 13:17 | Tortrix · wall_segment Unknown (4001) x1 |
| 13:18 | Tortrix · wall_segment Unknown (4001) x1 |
| 13:18 | Tortrix · wall_segment Unknown (4001) x1 |
| 13:18 | Chlupinek · wall_segment Unknown (4001) x1 |
| 13:19 | Tortrix · wall_segment Unknown (4001) x1 |
| 13:19 | Tortrix · wall_segment Unknown (4001) x1 |
| 13:20 | Chlupinek · wall_segment Unknown (4001) x8 |
| 13:20 | Tortrix · wall_segment Unknown (4001) x1 |
| 13:21 | bloodoftears · wall_segment Unknown (4001) x43 |
| 13:21 | Tortrix · wall_segment Unknown (4001) x1 |
| 13:21 | Chlupinek · wall_segment Unknown (4001) x9 |
| 13:21 | Tortrix · wall_segment Unknown (4001) x1 |
| 13:22 | Tortrix · wall_segment Unknown (4001) x1 |
| 13:22 | Tortrix · wall_segment Unknown (4001) x1 |
| 13:23 | Tortrix · wall_segment Unknown (4001) x1 |
| 13:23 | Gloin · wall_segment Unknown (4001) x1 |
| 13:24 | Tortrix · wall_segment Unknown (4001) x1 |
| 13:24 | Tortrix · wall_segment Unknown (4001) x1 |
| 13:25 | Gloin · wall_segment Unknown (4001) x2 |
| 13:25 | Tortrix · wall_segment Unknown (4001) x1 |
| 13:26 | Tortrix · wall_segment Unknown (4001) x1 |
| 13:27 | Tortrix · wall_segment Unknown (4001) x1 |
| 13:27 | Tortrix · wall_segment Unknown (4001) x1 |
| 13:28 | Tortrix · wall_segment Unknown (4001) x1 |
| 13:28 | Tortrix · wall_segment Unknown (4001) x1 |
| 13:29 | Tortrix · wall_segment Unknown (4001) x1 |
| 13:29 | Gloin · wall_segment Unknown (4001) x2 |
| 13:30 | Tortrix · wall_segment Unknown (4001) x1 |
| 13:30 | Gloin · wall_segment Unknown (4001) x1 |
| 13:30 | Tortrix · wall_segment Unknown (4001) x1 |
| 13:33 | Gloin · wall_segment Unknown (4001) x1 |
| 13:35 | Gloin · wall_segment Unknown (4001) x1 |
| 13:36 | Gloin · wall_segment Unknown (4001) x1 |
| 13:37 | Gloin · wall_segment Unknown (4001) x1 |
| 13:38 | Gloin · wall_segment Unknown (4001) x1 |
| 13:39 | Tortrix · wall_segment Unknown (4001) x1 |
| 13:39 | Gloin · wall_segment Unknown (4001) x1 |
| 13:40 | Tortrix · wall_segment Unknown (4001) x1 |
| 13:40 | Gloin · wall_segment Unknown (4001) x1 |
| 13:40 | Tortrix · wall_segment Unknown (4001) x1 |
| 13:41 | Macmob1903 · wall_segment Unknown (4001) x8 |
| 13:41 | Tortrix · wall_segment Unknown (4001) x1 |
| 13:42 | Tortrix · wall_segment Unknown (4001) x1 |
| 13:42 | Tortrix · wall_segment Unknown (4001) x1 |
| 13:43 | Tortrix · wall_segment Unknown (4001) x1 |
| 13:43 | Macmob1903 · wall_segment Unknown (4001) x8 |
| 13:44 | Tortrix · wall_segment Unknown (4001) x1 |
| 13:44 | Tortrix · wall_segment Unknown (4001) x1 |
| 13:45 | Tortrix · wall_segment Unknown (4001) x1 |
| 13:46 | Tortrix · wall_segment Unknown (4001) x1 |
| 13:46 | Tortrix · wall_segment Unknown (4001) x1 |
| 13:46 | Macmob1903 · wall_segment Unknown (4001) x8 |
| 13:47 | Tortrix · wall_segment Unknown (4001) x1 |
| 13:47 | Tortrix · wall_segment Unknown (4001) x1 |
| 13:48 | Tortrix · wall_segment Unknown (4001) x1 |
| 13:48 | Tortrix · wall_segment Unknown (4001) x1 |
| 13:49 | Macmob1903 · wall_segment Unknown (4001) x8 |
| 13:51 | Macmob1903 · wall_segment Unknown (4001) x7 |
| 13:51 | Tortrix · wall_segment Unknown (4001) x6 |
| 13:52 | Tortrix · wall_segment Unknown (4001) x6 |
| 13:54 | Macmob1903 · wall_segment Unknown (4001) x7 |
| 13:54 | Tortrix · wall_segment Unknown (4001) x6 |
| 13:56 | Tortrix · wall_segment Unknown (4001) x6 |
| 13:57 | bloodoftears · wall_segment Unknown (4001) x42 |
| 14:20 | bloodoftears · wall_segment Unknown (4001) x1 |
| 14:22 | Macmob1903 · wall_segment Unknown (4001) x7 |
| 14:24 | Macmob1903 · wall_segment Unknown (4001) x6 |
| 14:27 | bloodoftears · wall_segment Unknown (4001) x41 |
| 14:27 | Macmob1903 · wall_segment Unknown (4001) x5 |
| 14:30 | Tortrix · wall_segment Unknown (4001) x36 |
| 14:32 | Macmob1903 · wall_segment Unknown (4001) x37 |
| 15:02 | Gloin · wall_segment Unknown (4001) x6 |
| 15:04 | Gloin · wall_segment Unknown (4001) x1 |
| 15:05 | Gloin · wall_segment Unknown (4001) x2 |
| 15:07 | Tortrix · wall_segment Unknown (4001) x6 |
| 15:08 | Gloin · wall_segment Unknown (4001) x5 |
| 15:09 | Tortrix · wall_segment Unknown (4001) x6 |
| 15:10 | Gloin · wall_segment Unknown (4001) x3 |
| 15:12 | Tortrix · wall_segment Unknown (4001) x19 |
| 15:14 | Chlupinek · wall_segment Unknown (4001) x1 |
| 15:15 | Chlupinek · wall_segment Unknown (4001) x7 |
| 15:15 | bloodoftears · wall_segment Unknown (4001) x24 |
| 15:17 | Chlupinek · wall_segment Unknown (4001) x8 |
| 15:19 | Gloin · wall_segment Unknown (4001) x11 |
| 15:20 | Gloin · wall_segment Unknown (4001) x1 |
| 15:23 | bloodoftears · wall_segment Unknown (4001) x24 |
| 15:26 | Macmob1903 · wall_segment Unknown (4001) x36 |
| 15:27 | Chlupinek · wall_segment Unknown (4001) x3 |
| 15:29 | bloodoftears · wall_segment Unknown (4001) x23 |
| 15:30 | Macmob1903 · wall_segment Unknown (4001) x36 |
| 15:35 | bloodoftears · wall_segment Unknown (4001) x23 |
| 15:38 | Gloin · wall_segment Unknown (4001) x10 |
| 15:46 | Gloin · wall_segment Unknown (4001) x4 |
| 15:46 | Tortrix · wall_segment Unknown (4001) x18 |
| 15:50 | Gloin · wall_segment Unknown (4001) x27 |
| 15:53 | Gloin · wall_segment Unknown (4001) x31 |
| 15:56 | Gloin · wall_segment Unknown (4001) x27 |
| 16:00 | Gloin · wall_segment Unknown (4001) x41 |
| 16:04 | Chlupinek · wall_segment Unknown (4001) x1 |
| 16:06 | Chlupinek · wall_segment Unknown (4001) x11 |
| 16:10 | Chlupinek · wall_segment Unknown (4001) x16 |
| 16:14 | Tortrix · wall_segment Unknown (4001) x5 |
| 16:14 | Macmob1903 · wall_segment Unknown (4001) x39 |
| 16:16 | Tortrix · wall_segment Unknown (4001) x5 |
| 16:17 | Tortrix · wall_segment Unknown (4001) x4 |
| 16:19 | Tortrix · wall_segment Unknown (4001) x5 |
| 16:24 | Tortrix · wall_segment Unknown (4001) x15 |
| 16:43 | Chlupinek · wall_segment Unknown (4001) x10 |
| 16:48 | Chlupinek · wall_segment Unknown (4001) x2 |
| 16:56 | Chlupinek · wall_segment Unknown (4001) x34 |
| 17:00 | Chlupinek · wall_segment Unknown (4001) x34 |
| 17:12 | Chlupinek · wall_segment Unknown (4001) x35 |
| 17:14 | Tortrix · wall_segment Unknown (4001) x3 |
| 17:16 | Tortrix · wall_segment Unknown (4001) x3 |
| 17:17 | Chlupinek · wall_segment Unknown (4001) x35 |
| 17:18 | Tortrix · wall_segment Unknown (4001) x3 |
| 17:20 | Gloin · wall_segment Unknown (4001) x39 |
| 17:20 | Macmob1903 · wall_segment Unknown (4001) x36 |
| 17:21 | Tortrix · wall_segment Unknown (4001) x4 |
| 17:22 | Gloin · wall_segment Unknown (4001) x42 |
| 17:24 | Macmob1903 · wall_segment Unknown (4001) x9 |
| 17:24 | Tortrix · wall_segment Unknown (4001) x3 |
| 17:29 | bloodoftears · wall_segment Unknown (4001) x22 |
| 17:29 | Macmob1903 · wall_segment Unknown (4001) x9 |
| 17:33 | Macmob1903 · wall_segment Unknown (4001) x9 |
| 17:33 | bloodoftears · wall_segment Unknown (4001) x23 |
| 17:35 | Macmob1903 · wall_segment Unknown (4001) x3 |
| 17:39 | Macmob1903 · wall_segment Unknown (4001) x9 |
| 17:40 | Tortrix · wall_segment Unknown (4007) x1 |
| 17:40 | bloodoftears · wall_segment Unknown (4001) x7 |
| 17:41 | Tortrix · wall_segment Unknown (4007) x1 |
| 17:41 | Tortrix · wall_segment Unknown (4007) x2 |
| 17:41 | Tortrix · wall_segment Unknown (4007) x1 |
| 17:42 | Tortrix · wall_segment Unknown (4007) x2 |
| 17:42 | Tortrix · wall_segment Unknown (4007) x1 |
| 17:42 | Macmob1903 · wall_segment Unknown (4001) x8 |
| 17:42 | Tortrix · wall_segment Unknown (4007) x1 |
| 17:43 | Tortrix · wall_segment Unknown (4007) x1 |
| 17:43 | Tortrix · wall_segment Unknown (4007) x1 |
| 17:43 | Tortrix · wall_segment Unknown (4007) x2 |
| 17:43 | Tortrix · wall_segment Unknown (4007) x1 |
| 17:44 | Tortrix · wall_segment Unknown (4007) x1 |
| 17:44 | Tortrix · wall_segment Unknown (4007) x1 |
| 17:44 | bloodoftears · wall_segment Unknown (4001) x7 |
| 17:44 | Tortrix · wall_segment Unknown (4007) x2 |
| 17:45 | Tortrix · wall_segment Unknown (4007) x1 |
| 17:45 | Macmob1903 · wall_segment Unknown (4001) x8 |
| 17:45 | Tortrix · wall_segment Unknown (4007) x1 |
| 17:45 | Tortrix · wall_segment Unknown (4007) x1 |
| 17:46 | Tortrix · wall_segment Unknown (4007) x1 |
| 17:46 | Tortrix · wall_segment Unknown (4007) x1 |
| 17:46 | Tortrix · wall_segment Unknown (4007) x1 |
| 17:47 | Tortrix · wall_segment Unknown (4007) x1 |
| 17:47 | Tortrix · wall_segment Unknown (4007) x1 |
| 17:47 | Macmob1903 · wall_segment Unknown (4001) x4 |
| 17:47 | Tortrix · wall_segment Unknown (4007) x1 |
| 17:48 | Tortrix · wall_segment Unknown (4007) x1 |
| 17:48 | Tortrix · wall_segment Unknown (4007) x1 |
| 17:48 | Tortrix · wall_segment Unknown (4007) x1 |
| 17:49 | Tortrix · wall_segment Unknown (4007) x2 |
| 17:49 | Tortrix · wall_segment Unknown (4007) x2 |
| 17:49 | Tortrix · wall_segment Unknown (4007) x1 |
| 17:50 | Tortrix · wall_segment Unknown (4007) x2 |
| 17:50 | Tortrix · wall_segment Unknown (4007) x1 |
| 17:50 | Tortrix · wall_segment Unknown (4007) x1 |
| 17:50 | Tortrix · wall_segment Unknown (4007) x1 |
| 17:51 | Tortrix · wall_segment Unknown (4007) x1 |
| 17:51 | Tortrix · wall_segment Unknown (4007) x2 |
| 17:51 | Tortrix · wall_segment Unknown (4007) x1 |
| 17:52 | Tortrix · wall_segment Unknown (4007) x1 |
| 17:52 | Tortrix · wall_segment Unknown (4007) x2 |
| 17:52 | Tortrix · wall_segment Unknown (4007) x1 |
| 17:53 | Macmob1903 · wall_segment Unknown (4001) x4 |
| 17:53 | Tortrix · wall_segment Unknown (4007) x2 |
| 17:53 | Tortrix · wall_segment Unknown (4007) x1 |
| 17:53 | Tortrix · wall_segment Unknown (4007) x1 |
| 17:54 | bloodoftears · wall_segment Unknown (4001) x6 |
| 17:54 | Tortrix · wall_segment Unknown (4007) x1 |
| 17:54 | Tortrix · wall_segment Unknown (4007) x1 |
| 17:54 | Tortrix · wall_segment Unknown (4007) x1 |
| 17:54 | Tortrix · wall_segment Unknown (4007) x2 |
| 17:55 | Tortrix · wall_segment Unknown (4007) x1 |
| 17:55 | Tortrix · wall_segment Unknown (4007) x1 |
| 17:55 | Tortrix · wall_segment Unknown (4007) x1 |
| 17:56 | Tortrix · wall_segment Unknown (4007) x2 |
| 17:56 | Tortrix · wall_segment Unknown (4007) x1 |
| 17:56 | Tortrix · wall_segment Unknown (4007) x2 |
| 17:57 | Tortrix · wall_segment Unknown (4007) x1 |
| 17:57 | Tortrix · wall_segment Unknown (4007) x2 |
| 17:57 | Tortrix · wall_segment Unknown (4007) x1 |
| 17:58 | Tortrix · wall_segment Unknown (4007) x2 |
| 17:58 | Tortrix · wall_segment Unknown (4007) x1 |
| 17:58 | Tortrix · wall_segment Unknown (4007) x2 |
| 17:58 | Tortrix · wall_segment Unknown (4007) x1 |
| 17:59 | Macmob1903 · wall_segment Unknown (4001) x12 |
| 17:59 | Tortrix · wall_segment Unknown (4007) x1 |
| 17:59 | Tortrix · wall_segment Unknown (4007) x1 |
| 17:59 | Tortrix · wall_segment Unknown (4007) x1 |
| 18:01 | bloodoftears · wall_segment Unknown (4001) x7 |
| 18:02 | Macmob1903 · wall_segment Unknown (4001) x13 |
| 18:02 | Tortrix · wall_segment Unknown (4007) x1 |
| 18:04 | Tortrix · wall_segment Unknown (4007) x1 |
| 18:04 | Tortrix · wall_segment Unknown (4007) x1 |
| 18:05 | Tortrix · wall_segment Unknown (4007) x1 |
| 18:06 | Macmob1903 · wall_segment Unknown (4001) x12 |
| 18:06 | bloodoftears · wall_segment Unknown (4001) x6 |
| 18:08 | Macmob1903 · wall_segment Unknown (4001) x4 |
| 18:11 | bloodoftears · wall_segment Unknown (4001) x8 |
| 18:13 | Macmob1903 · wall_segment Unknown (4001) x10 |
| 18:18 | Macmob1903 · wall_segment Unknown (4001) x9 |
| 18:20 | bloodoftears · wall_segment Unknown (4001) x6 |
| 18:20 | Macmob1903 · wall_segment Unknown (4001) x9 |
| 18:27 | bloodoftears · wall_segment Unknown (4001) x7 |
| 18:30 | Tortrix · wall_segment Unknown (4006) x1 |
| 18:34 | bloodoftears · wall_segment Unknown (4001) x7 |
| 18:44 | Chlupinek · wall_segment Unknown (4001) x36 |
| 19:04 | Tortrix · wall_segment Unknown (4001) x1 |
| 19:08 | Tortrix · wall_segment Unknown (4001) x14 |
| 19:11 | Gloin · wall_segment Unknown (4001) x2 |
| 19:13 | Tortrix · wall_segment Unknown (4007) x1 |
| 19:13 | Tortrix · wall_segment Unknown (4007) x1 |
| 19:14 | Tortrix · wall_segment Unknown (4007) x2 |
| 19:14 | Tortrix · wall_segment Unknown (4007) x1 |
| 19:14 | Gloin · wall_segment Unknown (4001) x39 |
| 19:14 | Tortrix · wall_segment Unknown (4007) x1 |
| 19:14 | Tortrix · wall_segment Unknown (4007) x2 |
| 19:15 | Tortrix · wall_segment Unknown (4007) x2 |
| 19:15 | Tortrix · wall_segment Unknown (4007) x2 |
| 19:15 | Tortrix · wall_segment Unknown (4007) x2 |
| 19:15 | Tortrix · wall_segment Unknown (4007) x2 |
| 19:16 | Tortrix · wall_segment Unknown (4007) x1 |
| 19:16 | Gloin · wall_segment Unknown (4001) x1 |
| 19:17 | Gloin · wall_segment Unknown (4001) x1 |
| 19:17 | Tortrix · wall_segment Unknown (4007) x1 |
| 19:18 | Tortrix · wall_segment Unknown (4007) x2 |
| 19:18 | Tortrix · wall_segment Unknown (4007) x1 |
| 19:18 | Gloin · wall_segment Unknown (4001) x1 |
| 19:18 | Tortrix · wall_segment Unknown (4007) x1 |
| 19:19 | Tortrix · wall_segment Unknown (4007) x1 |
| 19:19 | Tortrix · wall_segment Unknown (4007) x2 |
| 19:19 | Tortrix · wall_segment Unknown (4007) x1 |
| 19:20 | Gloin · wall_segment Unknown (4001) x1 |
| 19:21 | Tortrix · wall_segment Unknown (4007) x1 |
| 19:21 | Gloin · wall_segment Unknown (4001) x1 |
| 19:21 | Tortrix · wall_segment Unknown (4007) x2 |
| 19:21 | Tortrix · wall_segment Unknown (4007) x1 |
| 19:22 | Gloin · wall_segment Unknown (4001) x1 |
| 19:22 | Tortrix · wall_segment Unknown (4007) x1 |
| 19:23 | Gloin · wall_segment Unknown (4001) x1 |
| 19:23 | Tortrix · wall_segment Unknown (4007) x1 |
| 19:24 | Tortrix · wall_segment Unknown (4007) x1 |
| 19:24 | Gloin · wall_segment Unknown (4001) x1 |
| 19:24 | Tortrix · wall_segment Unknown (4007) x1 |
| 19:25 | Tortrix · wall_segment Unknown (4007) x1 |
| 19:25 | Gloin · wall_segment Unknown (4001) x1 |
| 19:26 | Tortrix · wall_segment Unknown (4007) x1 |
| 19:26 | Gloin · wall_segment Unknown (4001) x1 |
| 19:27 | Tortrix · wall_segment Unknown (4007) x1 |
| 19:27 | Chlupinek · wall_segment Unknown (4001) x2 |
| 19:28 | Gloin · wall_segment Unknown (4001) x1 |
| 19:29 | Gloin · wall_segment Unknown (4001) x1 |
| 19:30 | Chlupinek · wall_segment Unknown (4001) x34 |
| 19:30 | Gloin · wall_segment Unknown (4001) x1 |
| 19:31 | Gloin · wall_segment Unknown (4001) x1 |
| 19:32 | Gloin · wall_segment Unknown (4001) x1 |
| 19:32 | Tortrix · wall_segment Unknown (4006) x7 |
| 19:33 | Gloin · wall_segment Unknown (4001) x1 |
| 19:34 | Gloin · wall_segment Unknown (4001) x1 |
| 19:35 | Gloin · wall_segment Unknown (4001) x1 |
| 19:35 | Tortrix · wall_segment Unknown (4006) x7 |
| 19:36 | Gloin · wall_segment Unknown (4001) x1 |
| 19:37 | Tortrix · wall_segment Unknown (4006) x2 |
| 19:37 | Gloin · wall_segment Unknown (4001) x1 |
| 19:38 | Gloin · wall_segment Unknown (4001) x1 |
| 19:39 | Gloin · wall_segment Unknown (4001) x1 |
| 19:39 | Gloin · wall_segment Unknown (4001) x1 |
| 19:39 | Tortrix · wall_segment Unknown (4006) x4 |
| 19:40 | Gloin · wall_segment Unknown (4001) x1 |
| 19:41 | Gloin · wall_segment Unknown (4001) x1 |
| 19:42 | Tortrix · wall_segment Unknown (4006) x10 |
| 19:42 | Gloin · wall_segment Unknown (4001) x1 |
| 19:43 | Gloin · wall_segment Unknown (4001) x1 |
| 19:44 | Gloin · wall_segment Unknown (4001) x1 |
| 19:44 | Tortrix · wall_segment Unknown (4006) x10 |
| 19:45 | Gloin · wall_segment Unknown (4001) x1 |
| 19:46 | Gloin · wall_segment Unknown (4001) x1 |
| 19:47 | Gloin · wall_segment Unknown (4001) x1 |
| 19:48 | Tortrix · wall_segment Unknown (4006) x1 |
| 19:48 | Gloin · wall_segment Unknown (4001) x1 |
| 19:49 | Tortrix · wall_segment Unknown (4006) x1 |
| 19:49 | Gloin · wall_segment Unknown (4001) x1 |
| 19:49 | Tortrix · wall_segment Unknown (4006) x1 |
| 19:50 | Tortrix · wall_segment Unknown (4006) x1 |
| 19:51 | Tortrix · wall_segment Unknown (4006) x1 |
| 19:51 | Gloin · wall_segment Unknown (4001) x1 |
| 19:52 | Tortrix · wall_segment Unknown (4006) x1 |
| 19:52 | Gloin · wall_segment Unknown (4001) x1 |
| 19:53 | Tortrix · wall_segment Unknown (4006) x1 |
| 19:53 | Tortrix · wall_segment Unknown (4006) x1 |
| 19:53 | Gloin · wall_segment Unknown (4001) x1 |
| 19:54 | Tortrix · wall_segment Unknown (4006) x1 |
| 19:54 | Gloin · wall_segment Unknown (4001) x1 |
| 19:54 | Tortrix · wall_segment Unknown (4006) x1 |
| 19:55 | Tortrix · wall_segment Unknown (4006) x1 |
| 19:56 | Tortrix · wall_segment Unknown (4006) x1 |
| 19:57 | Tortrix · wall_segment Unknown (4006) x1 |
| 19:57 | Tortrix · wall_segment Unknown (4006) x1 |
| 19:58 | Tortrix · wall_segment Unknown (4006) x1 |
| 19:59 | Tortrix · wall_segment Unknown (4006) x1 |
| 20:00 | Tortrix · wall_segment Unknown (4006) x1 |
| 20:00 | Tortrix · wall_segment Unknown (4006) x1 |
| 20:01 | Tortrix · wall_segment Unknown (4006) x1 |
| 20:02 | Tortrix · wall_segment Unknown (4006) x1 |
| 20:02 | Gloin · wall_segment Unknown (4001) x1 |
| 20:02 | Tortrix · wall_segment Unknown (4006) x1 |
| 20:03 | Gloin · wall_segment Unknown (4001) x1 |
| 20:03 | Tortrix · wall_segment Unknown (4006) x1 |
| 20:04 | Tortrix · wall_segment Unknown (4006) x1 |
| 20:04 | Gloin · wall_segment Unknown (4001) x1 |
| 20:04 | Tortrix · wall_segment Unknown (4006) x1 |
| 20:05 | Tortrix · wall_segment Unknown (4006) x1 |
| 20:06 | Gloin · wall_segment Unknown (4001) x1 |
| 20:06 | Tortrix · wall_segment Unknown (4006) x1 |
| 20:06 | Tortrix · wall_segment Unknown (4006) x1 |
| 20:07 | Gloin · wall_segment Unknown (4001) x1 |
| 20:07 | Tortrix · wall_segment Unknown (4006) x1 |
| 20:08 | Tortrix · wall_segment Unknown (4006) x1 |
| 20:08 | Gloin · wall_segment Unknown (4001) x1 |
| 20:08 | Tortrix · wall_segment Unknown (4006) x1 |
| 20:09 | Tortrix · wall_segment Unknown (4006) x1 |
| 20:09 | Tortrix · wall_segment Unknown (4006) x1 |
| 20:10 | Gloin · wall_segment Unknown (4001) x1 |
| 20:10 | Tortrix · wall_segment Unknown (4006) x1 |
| 20:11 | Tortrix · wall_segment Unknown (4006) x1 |
| 20:11 | Gloin · wall_segment Unknown (4001) x1 |
| 20:11 | Tortrix · wall_segment Unknown (4006) x1 |
| 20:12 | Gloin · wall_segment Unknown (4001) x1 |
| 20:13 | Gloin · wall_segment Unknown (4001) x1 |
| 20:14 | Macmob1903 · wall_segment Unknown (4001) x7 |
| 20:14 | Tortrix · wall_segment Unknown (4006) x1 |
| 20:15 | Gloin · wall_segment Unknown (4001) x1 |
| 20:15 | Tortrix · wall_segment Unknown (4006) x1 |
| 20:15 | Tortrix · wall_segment Unknown (4006) x1 |
| 20:16 | Gloin · wall_segment Unknown (4001) x1 |
| 20:16 | Macmob1903 · wall_segment Unknown (4001) x6 |
| 20:16 | Tortrix · wall_segment Unknown (4006) x1 |
| 20:17 | Tortrix · wall_segment Unknown (4006) x1 |
| 20:17 | Gloin · wall_segment Unknown (4001) x1 |
| 20:18 | Tortrix · wall_segment Unknown (4006) x1 |
| 20:18 | Macmob1903 · wall_segment Unknown (4001) x6 |
| 20:18 | Tortrix · wall_segment Unknown (4006) x1 |
| 20:19 | Gloin · wall_segment Unknown (4001) x1 |
| 20:19 | Tortrix · wall_segment Unknown (4006) x1 |
| 20:19 | Gloin · wall_segment Unknown (4001) x1 |
| 20:20 | Tortrix · wall_segment Unknown (4006) x1 |
| 20:20 | Macmob1903 · wall_segment Unknown (4001) x7 |
| 20:20 | Tortrix · wall_segment Unknown (4006) x1 |
| 20:21 | Tortrix · wall_segment Unknown (4006) x1 |
| 20:22 | Tortrix · wall_segment Unknown (4006) x1 |
| 20:23 | Tortrix · wall_segment Unknown (4006) x1 |
| 20:24 | Tortrix · wall_segment Unknown (4006) x1 |
| 20:26 | Tortrix · wall_segment Unknown (4006) x1 |
| 20:26 | Tortrix · wall_segment Unknown (4006) x1 |
| 20:27 | Tortrix · wall_segment Unknown (4006) x1 |
| 20:28 | Tortrix · wall_segment Unknown (4006) x1 |
| 20:28 | Tortrix · wall_segment Unknown (4006) x1 |
| 20:30 | Tortrix · wall_segment Unknown (4006) x1 |
| 20:30 | Gloin · wall_segment Unknown (4001) x1 |
| 20:30 | Tortrix · wall_segment Unknown (4006) x1 |
| 20:31 | Tortrix · wall_segment Unknown (4006) x1 |
| 20:31 | Gloin · wall_segment Unknown (4001) x1 |
| 20:31 | Tortrix · wall_segment Unknown (4006) x1 |
| 20:32 | Gloin · wall_segment Unknown (4001) x1 |
| 20:32 | Tortrix · wall_segment Unknown (4006) x1 |
| 20:33 | Gloin · wall_segment Unknown (4001) x1 |
| 20:34 | Tortrix · wall_segment Unknown (4006) x1 |
| 20:34 | Gloin · wall_segment Unknown (4001) x1 |
| 20:35 | Tortrix · wall_segment Unknown (4006) x1 |
| 20:36 | Tortrix · wall_segment Unknown (4006) x1 |
| 20:36 | Tortrix · wall_segment Unknown (4006) x1 |
| 20:37 | Tortrix · wall_segment Unknown (4006) x1 |
| 20:38 | Tortrix · wall_segment Unknown (4006) x1 |
| 20:39 | Tortrix · wall_segment Unknown (4006) x1 |
| 20:41 | Gloin · wall_segment Unknown (4001) x1 |
| 20:42 | Tortrix · wall_segment Unknown (4006) x1 |
| 20:42 | Gloin · wall_segment Unknown (4001) x1 |
| 20:43 | Tortrix · wall_segment Unknown (4006) x1 |
| 20:44 | Gloin · wall_segment Unknown (4001) x1 |
| 20:45 | Tortrix · wall_segment Unknown (4006) x1 |
| 20:45 | Tortrix · wall_segment Unknown (4006) x1 |
| 20:46 | Tortrix · wall_segment Unknown (4006) x1 |
| 20:47 | Tortrix · wall_segment Unknown (4006) x1 |
| 20:48 | Tortrix · wall_segment Unknown (4006) x1 |
| 20:49 | Tortrix · wall_segment Unknown (4006) x1 |
| 20:50 | Gloin · wall_segment Unknown (4001) x1 |
| 20:51 | Gloin · wall_segment Unknown (4001) x1 |
| 20:52 | Gloin · wall_segment Unknown (4001) x1 |
| 20:52 | Gloin · wall_segment Unknown (4001) x1 |
| 20:53 | Gloin · wall_segment Unknown (4001) x1 |
| 20:55 | Gloin · wall_segment Unknown (4001) x1 |
| 20:56 | Gloin · wall_segment Unknown (4001) x1 |
| 20:59 | Tortrix · wall_segment Unknown (4006) x1 |
| 21:00 | Gloin · wall_segment Unknown (4001) x4 |
| 21:00 | Tortrix · wall_segment Unknown (4006) x1 |
| 21:00 | Tortrix · wall_segment Unknown (4006) x1 |
| 21:01 | Tortrix · wall_segment Unknown (4006) x1 |
| 21:01 | Gloin · wall_segment Unknown (4001) x3 |
| 21:02 | Tortrix · wall_segment Unknown (4006) x1 |
| 21:02 | Tortrix · wall_segment Unknown (4006) x1 |
| 21:03 | Gloin · wall_segment Unknown (4001) x4 |
| 21:03 | Tortrix · wall_segment Unknown (4006) x1 |
| 21:04 | Tortrix · wall_segment Unknown (4006) x1 |
| 21:05 | Gloin · wall_segment Unknown (4001) x1 |
| 21:05 | Tortrix · wall_segment Unknown (4006) x1 |
| 21:05 | Tortrix · wall_segment Unknown (4006) x1 |
| 21:06 | Gloin · wall_segment Unknown (4001) x1 |
| 21:06 | Tortrix · wall_segment Unknown (4006) x1 |
| 21:07 | Tortrix · wall_segment Unknown (4006) x1 |
| 21:07 | Gloin · wall_segment Unknown (4001) x1 |
| 21:09 | Tortrix · wall_segment Unknown (4006) x1 |
| 21:09 | Chlupinek · wall_segment Unknown (4001) x5 |
| 21:09 | Gloin · wall_segment Unknown (4001) x1 |
| 21:10 | Tortrix · wall_segment Unknown (4006) x1 |
| 21:10 | Tortrix · wall_segment Unknown (4006) x1 |
| 21:10 | Gloin · wall_segment Unknown (4001) x1 |
| 21:11 | Gloin · wall_segment Unknown (4001) x1 |
| 21:11 | Tortrix · wall_segment Unknown (4006) x1 |
| 21:12 | Tortrix · wall_segment Unknown (4006) x1 |
| 21:12 | Gloin · wall_segment Unknown (4001) x1 |
| 21:12 | Tortrix · wall_segment Unknown (4006) x1 |
| 21:13 | Gloin · wall_segment Unknown (4001) x1 |
| 21:13 | Tortrix · wall_segment Unknown (4006) x1 |
| 21:13 | Tortrix · wall_segment Unknown (4006) x1 |
| 21:14 | Gloin · wall_segment Unknown (4001) x1 |
| 21:14 | Tortrix · wall_segment Unknown (4006) x1 |
| 21:15 | Tortrix · wall_segment Unknown (4006) x1 |
| 21:15 | Gloin · wall_segment Unknown (4001) x1 |
| 21:16 | Tortrix · wall_segment Unknown (4006) x1 |
| 21:16 | Gloin · wall_segment Unknown (4001) x1 |
| 21:17 | Chlupinek · wall_segment Unknown (4001) x29 |
| 21:18 | Gloin · wall_segment Unknown (4001) x1 |
| 21:19 | bloodoftears · wall_segment Unknown (4001) x15 |
| 21:19 | Gloin · wall_segment Unknown (4001) x1 |
| 21:20 | Tortrix · wall_segment Unknown (4006) x32 |
| 21:20 | Gloin · wall_segment Unknown (4001) x1 |
| 21:21 | Gloin · wall_segment Unknown (4001) x1 |
| 21:22 | Gloin · wall_segment Unknown (4001) x1 |
| 21:23 | Gloin · wall_segment Unknown (4001) x1 |
| 21:24 | Tortrix · wall_segment Unknown (4006) x33 |
| 21:24 | Chlupinek · wall_segment Unknown (4001) x11 |
| 21:25 | Gloin · wall_segment Unknown (4001) x1 |
| 21:26 | Gloin · wall_segment Unknown (4001) x1 |
| 21:27 | Gloin · wall_segment Unknown (4001) x1 |
| 21:27 | Tortrix · wall_segment Unknown (4006) x32 |
| 21:28 | Gloin · wall_segment Unknown (4001) x1 |
| 21:29 | Gloin · wall_segment Unknown (4001) x1 |
| 21:29 | Chlupinek · wall_segment Unknown (4001) x5 |
| 21:30 | Gloin · wall_segment Unknown (4001) x1 |
| 21:31 | Gloin · wall_segment Unknown (4001) x1 |
| 21:31 | Tortrix · wall_segment Unknown (4006) x44 |
| 21:32 | Gloin · wall_segment Unknown (4001) x1 |
| 21:32 | Chlupinek · wall_segment Unknown (4001) x8 |
| 21:33 | Tortrix · wall_segment Unknown (4006) x2 |
| 21:34 | Gloin · wall_segment Unknown (4001) x1 |
| 21:35 | Gloin · wall_segment Unknown (4001) x1 |
| 21:36 | Tortrix · wall_segment Unknown (4006) x46 |
| 21:36 | Gloin · wall_segment Unknown (4001) x1 |
| 21:36 | Chlupinek · wall_segment Unknown (4001) x12 |
| 21:37 | bloodoftears · wall_segment Unknown (4001) x1 |
| 21:37 | Gloin · wall_segment Unknown (4001) x1 |
| 21:40 | Gloin · wall_segment Unknown (4001) x1 |
| 21:40 | Chlupinek · wall_segment Unknown (4001) x13 |
| 21:41 | Gloin · wall_segment Unknown (4001) x1 |
| 21:41 | Gloin · wall_segment Unknown (4001) x1 |
| 21:43 | Gloin · wall_segment Unknown (4001) x1 |
| 21:44 | Gloin · wall_segment Unknown (4001) x1 |
| 21:45 | Gloin · wall_segment Unknown (4001) x1 |
| 21:46 | Gloin · wall_segment Unknown (4001) x1 |
| 21:47 | Gloin · wall_segment Unknown (4001) x1 |
| 21:49 | Gloin · wall_segment Unknown (4001) x1 |
| 21:51 | Gloin · wall_segment Unknown (4001) x1 |
| 21:52 | Gloin · wall_segment Unknown (4001) x1 |
| 21:53 | Gloin · wall_segment Unknown (4001) x1 |
| 21:54 | Gloin · wall_segment Unknown (4001) x1 |
| 22:00 | Gloin · wall_segment Unknown (4001) x1 |
| 22:01 | Gloin · wall_segment Unknown (4001) x1 |
| 22:03 | Gloin · wall_segment Unknown (4001) x1 |
| 22:04 | Gloin · wall_segment Unknown (4001) x1 |
| 22:04 | bloodoftears · wall_segment Unknown (4001) x14 |
| 22:05 | Gloin · wall_segment Unknown (4001) x1 |
| 22:06 | Gloin · wall_segment Unknown (4001) x1 |
| 22:07 | Gloin · wall_segment Unknown (4001) x1 |
| 22:08 | Gloin · wall_segment Unknown (4001) x1 |
| 22:09 | Gloin · wall_segment Unknown (4001) x1 |
| 22:10 | Gloin · wall_segment Unknown (4001) x1 |
| 22:11 | Gloin · wall_segment Unknown (4001) x1 |
| 22:12 | Gloin · wall_segment Unknown (4001) x1 |
| 22:14 | Gloin · wall_segment Unknown (4001) x1 |
| 22:15 | Gloin · wall_segment Unknown (4001) x1 |
| 22:27 | Gloin · wall_segment Unknown (4001) x1 |
| 22:28 | Gloin · wall_segment Unknown (4001) x1 |
| 22:30 | Gloin · wall_segment Unknown (4001) x1 |
| 22:32 | Gloin · wall_segment Unknown (4001) x3 |
| 22:34 | Gloin · wall_segment Unknown (4001) x1 |
| 22:36 | Gloin · wall_segment Unknown (4001) x3 |
| 22:37 | Gloin · wall_segment Unknown (4001) x4 |
| 22:40 | Gloin · wall_segment Unknown (4001) x8 |
| 22:47 | Chlupinek · wall_segment Unknown (4001) x2 |
| 22:50 | Gloin · wall_segment Unknown (4001) x7 |
| 22:51 | Chlupinek · wall_segment Unknown (4001) x3 |
| 22:53 | Gloin · wall_segment Unknown (4001) x7 |
| 22:53 | Chlupinek · wall_segment Unknown (4001) x7 |
| 22:55 | Chlupinek · wall_segment Unknown (4001) x5 |
| 22:58 | Chlupinek · wall_segment Unknown (4001) x15 |
| 23:02 | Gloin · wall_segment Unknown (4001) x7 |
| 23:03 | Chlupinek · wall_segment Unknown (4001) x32 |
| 23:05 | Chlupinek · wall_segment Unknown (4001) x2 |
| 23:06 | Gloin · wall_segment Unknown (4001) x7 |
| 23:07 | Chlupinek · wall_segment Unknown (4001) x33 |
| 23:09 | Chlupinek · wall_segment Unknown (4001) x10 |
| 23:10 | Chlupinek · wall_segment Unknown (4001) x17 |
| 23:12 | Chlupinek · wall_segment Unknown (4001) x15 |
| 23:14 | Chlupinek · wall_segment Unknown (4001) x18 |
| 23:21 | Gloin · wall_segment Unknown (4001) x8 |
| 23:24 | Gloin · wall_segment Unknown (4001) x8 |
| 23:31 | Gloin · wall_segment Unknown (4001) x7 |
| 23:34 | Gloin · wall_segment Unknown (4001) x7 |
| 23:42 | Gloin · wall_segment Unknown (4001) x13 |
| 23:58 | Gloin · wall_segment Unknown (4001) x5 |
| 24:07 | Gloin · wall_segment Unknown (4001) x8 |
| 24:38 | Gloin · wall_segment Unknown (4001) x1 |
| 24:39 | Gloin · wall_segment Unknown (4001) x1 |
| 24:41 | Gloin · wall_segment Unknown (4001) x1 |
| 24:43 | Gloin · wall_segment Unknown (4001) x1 |
| 24:44 | Gloin · wall_segment Unknown (4001) x1 |
| 24:45 | Gloin · wall_segment Unknown (4001) x1 |
| 24:46 | Gloin · wall_segment Unknown (4001) x1 |
| 24:46 | Gloin · wall_segment Unknown (4001) x1 |
| 24:48 | Gloin · wall_segment Unknown (4001) x1 |
| 24:49 | Gloin · wall_segment Unknown (4001) x1 |
| 24:50 | Gloin · wall_segment Unknown (4001) x1 |
| 24:51 | Gloin · wall_segment Unknown (4001) x1 |
| 24:52 | Gloin · wall_segment Unknown (4001) x1 |
| 24:52 | Gloin · wall_segment Unknown (4001) x1 |
| 25:06 | Gloin · wall_segment Unknown (4001) x7 |
| 25:10 | Gloin · wall_segment Unknown (4001) x6 |
| 25:12 | Gloin · wall_segment Unknown (4001) x5 |
| 25:14 | Gloin · wall_segment Unknown (4001) x10 |
| 25:26 | Tortrix · wall_segment Unknown (4006) x44 |
| 25:33 | Gloin · wall_segment Unknown (4001) x1 |
| 25:34 | Chlupinek · wall_segment Unknown (4001) x1 |
| 25:36 | Tortrix · wall_segment Unknown (4006) x15 |
| 25:36 | Chlupinek · wall_segment Unknown (4001) x13 |
| 25:37 | Chlupinek · wall_segment Unknown (4001) x12 |
| 25:39 | Tortrix · wall_segment Unknown (4006) x9 |
| 25:39 | Gloin · wall_segment Unknown (4001) x11 |
| 25:39 | Chlupinek · wall_segment Unknown (4001) x12 |
| 25:41 | Chlupinek · wall_segment Unknown (4001) x12 |
| 25:48 | Chlupinek · wall_segment Unknown (4001) x35 |
| 25:50 | Gloin · wall_segment Unknown (4001) x12 |
| 25:51 | Chlupinek · wall_segment Unknown (4001) x41 |
| 25:57 | Tortrix · wall_segment Unknown (4006) x6 |
| 26:03 | Tortrix · wall_segment Unknown (4006) x10 |
| 26:06 | Tortrix · wall_segment Unknown (4006) x10 |
| 26:06 | Gloin · wall_segment Unknown (4001) x1 |
| 26:07 | Gloin · wall_segment Unknown (4001) x2 |
| 26:08 | Tortrix · wall_segment Unknown (4006) x2 |
| 26:08 | bloodoftears · wall_segment Unknown (4001) x17 |
| 26:10 | Tortrix · wall_segment Unknown (4006) x17 |
| 26:12 | Tortrix · wall_segment Unknown (4006) x6 |
| 26:14 | Tortrix · wall_segment Unknown (4006) x6 |
| 26:16 | Tortrix · wall_segment Unknown (4006) x6 |
| 26:18 | Tortrix · wall_segment Unknown (4006) x6 |
| 26:20 | Tortrix · wall_segment Unknown (4006) x7 |
| 26:35 | bloodoftears · wall_segment Unknown (4001) x9 |
| 26:48 | bloodoftears · wall_segment Unknown (4001) x8 |
| 27:02 | bloodoftears · wall_segment Unknown (4001) x14 |
| 27:10 | Chlupinek · wall_segment Unknown (4001) x1 |
| 27:12 | bloodoftears · wall_segment Unknown (4001) x46 |
| 27:13 | Chlupinek · wall_segment Unknown (4001) x25 |
| 27:19 | Chlupinek · wall_segment Unknown (4001) x20 |
| 27:22 | Chlupinek · wall_segment Unknown (4001) x20 |
| 27:24 | bloodoftears · wall_segment Unknown (4001) x1 |
| 27:29 | bloodoftears · wall_segment Unknown (4001) x43 |
| 28:14 | Chlupinek · wall_segment Unknown (4001) x1 |
| 28:17 | Chlupinek · wall_segment Unknown (4001) x29 |
| 28:20 | Chlupinek · wall_segment Unknown (4001) x36 |
| 28:41 | Tortrix · wall_segment Unknown (4006) x14 |
| 28:52 | Tortrix · wall_segment Unknown (4006) x2 |
| 29:00 | Tortrix · wall_segment Unknown (4006) x18 |
| 29:06 | Chlupinek · wall_segment Unknown (4001) x29 |
| 29:08 | Chlupinek · wall_segment Unknown (4001) x35 |
| 29:11 | Chlupinek · wall_segment Unknown (4001) x30 |
| 29:13 | Tortrix · wall_segment Unknown (4006) x18 |
| 29:13 | Chlupinek · wall_segment Unknown (4001) x38 |
| 29:18 | Tortrix · wall_segment Unknown (4006) x24 |
| 29:43 | Tortrix · first_building Stable |
| 29:48 | Tortrix · first_building Archery Range |
| 30:05 | bloodoftears · wall_segment Unknown (4001) x13 |
| 30:40 | Chlupinek · wall_segment Unknown (4001) x29 |
| 30:43 | Chlupinek · wall_segment Unknown (4001) x41 |
| 30:51 | Tortrix · wall_segment Unknown (4006) x11 |
| 30:54 | Tortrix · wall_segment Unknown (4006) x8 |
| 31:04 | Tortrix · wall_segment Unknown (4006) x17 |
| 31:07 | Tortrix · wall_segment Unknown (4006) x16 |
| 31:10 | Tortrix · wall_segment Unknown (4006) x16 |
| 31:12 | Tortrix · wall_segment Unknown (4006) x16 |
| 31:15 | Tortrix · wall_segment Unknown (4006) x16 |
| 31:17 | Tortrix · wall_segment Unknown (4006) x16 |
| 32:17 | Chlupinek · wall_segment Unknown (4001) x29 |
| 32:19 | Chlupinek · wall_segment Unknown (4001) x35 |
| 32:59 | Chlupinek · wall_segment Unknown (4001) x1 |
| 33:01 | Tortrix · wall_segment Unknown (4006) x16 |
| 33:03 | Chlupinek · wall_segment Unknown (4001) x29 |
| 33:05 | Tortrix · wall_segment Unknown (4006) x34 |
| 33:05 | Chlupinek · wall_segment Unknown (4001) x32 |
| 33:08 | Chlupinek · wall_segment Unknown (4001) x2 |
| 33:11 | Chlupinek · wall_segment Unknown (4001) x29 |
| 33:55 | Chlupinek · wall_segment Unknown (4001) x31 |
| 34:13 | Tortrix · first_building Barracks |
| 35:10 | bloodoftears · wall_segment Unknown (4017) x16 |
| 35:14 | bloodoftears · wall_segment Unknown (4017) x16 |
| 35:17 | bloodoftears · wall_segment Unknown (4017) x2 |
| 35:22 | bloodoftears · wall_segment Unknown (4017) x17 |
| 35:26 | bloodoftears · wall_segment Unknown (4017) x17 |
| 35:54 | Chlupinek · wall_segment Unknown (4001) x1 |
| 35:56 | Chlupinek · wall_segment Unknown (4001) x20 |
| 36:15 | Chlupinek · wall_segment Unknown (4001) x7 |
| 36:17 | Chlupinek · wall_segment Unknown (4001) x33 |
| 36:48 | Chlupinek · wall_segment Unknown (4001) x28 |
| 36:49 | Chlupinek · wall_segment Unknown (4001) x31 |
| 36:53 | bloodoftears · wall_segment Unknown (4017) x16 |
| 36:53 | Chlupinek · wall_segment Unknown (4001) x30 |
| 36:57 | bloodoftears · wall_segment Unknown (4017) x17 |
| 37:02 | bloodoftears · wall_segment Unknown (4017) x17 |
| 37:04 | bloodoftears · wall_segment Unknown (4017) x1 |
| 37:40 | bloodoftears · wall_segment Unknown (4017) x11 |
| 37:43 | bloodoftears · wall_segment Unknown (4017) x12 |
| 37:46 | bloodoftears · wall_segment Unknown (4017) x2 |
| 37:49 | bloodoftears · wall_segment Unknown (4017) x2 |
| 37:53 | Chlupinek · wall_segment Unknown (4001) x33 |
| 37:57 | Chlupinek · wall_segment Unknown (4001) x31 |
| 37:58 | Chlupinek · wall_segment Unknown (4001) x37 |
| 39:38 | Chlupinek · wall_segment Unknown (4001) x32 |
| 39:40 | Chlupinek · wall_segment Unknown (4001) x34 |
| 39:44 | Chlupinek · wall_segment Unknown (4001) x34 |
| 41:14 | bloodoftears · wall_segment Unknown (4017) x13 |
| 41:26 | bloodoftears · wall_segment Unknown (4017) x13 |
| 41:30 | bloodoftears · wall_segment Unknown (4017) x13 |
| 41:47 | Chlupinek · wall_segment Unknown (4001) x1 |
| 41:48 | Chlupinek · wall_segment Unknown (4001) x24 |
| 41:52 | Chlupinek · wall_segment Unknown (4001) x17 |
| 41:54 | Chlupinek · wall_segment Unknown (4001) x19 |
| 42:38 | Chlupinek · wall_segment Unknown (4001) x1 |
| 42:39 | Chlupinek · wall_segment Unknown (4001) x16 |
| 42:42 | Chlupinek · wall_segment Unknown (4001) x18 |
| 42:44 | Chlupinek · wall_segment Unknown (4001) x18 |
| 42:46 | Chlupinek · wall_segment Unknown (4001) x19 |
| 43:42 | Chlupinek · wall_segment Unknown (4001) x29 |
| 43:55 | Chlupinek · wall_segment Unknown (4001) x1 |
| 43:57 | Chlupinek · wall_segment Unknown (4001) x11 |
| 44:03 | Chlupinek · wall_segment Unknown (4001) x11 |
| 44:05 | Chlupinek · wall_segment Unknown (4001) x13 |
| 44:22 | Chlupinek · wall_segment Unknown (4001) x11 |
| 44:23 | Chlupinek · wall_segment Unknown (4001) x11 |
| 44:29 | Chlupinek · wall_segment Unknown (4001) x1 |
| 44:31 | Chlupinek · wall_segment Unknown (4001) x11 |
| 44:33 | Chlupinek · wall_segment Unknown (4001) x11 |
| 45:09 | Chlupinek · wall_segment Unknown (4001) x11 |
| 45:12 | Chlupinek · wall_segment Unknown (4001) x12 |
| 45:14 | Chlupinek · wall_segment Unknown (4001) x12 |
| 45:16 | Chlupinek · wall_segment Unknown (4001) x12 |
| 46:03 | Chlupinek · wall_segment Unknown (4001) x10 |
| 46:19 | Chlupinek · wall_segment Unknown (4001) x12 |
| 46:31 | Chlupinek · wall_segment Unknown (4001) x24 |
[ AI ANALYSIS · 1 CREDIT ]
What really happened in this match?
Wolo.gg analyzes every decision: build order, eco, micro, common mistakes by bracket. Personalized analysis on WhatsApp or Discord in 30 seconds.
Civ guide
Burgundians
Perfil
Jugador #8957870